 Dungeon Crawl Stone Soup version 0.31-a0-620-gd1cbd99268 (webtiles) character file.

Game seed: 13489409552607604856

14163942 MacCMillion the Cat of Death (level 27, 149/149 HPs)
             Began as a Felid Shapeshifter on Aug 23, 2023.
             Was the Champion of Jiyva.
             Escaped with the Orb
             ... and 15 runes!
             The game lasted 06:05:47 (111898 turns).

MacCMillion the Cat of Death (Felid Shapeshifter) Turns: 111898, Time: 06:05:48

Health: 149/149    AC: 15    Str: 12      XL:     27
Magic:  51/51      EV: 95    Int: 15 (17) God:    Jiyva [******]
Gold:   7043       SH:  0    Dex: 32      Spells: 23/72 levels left
                                        Lives:  2   Deaths: 4

rFire   . .          .
                       - Unarmed
rCold   + + .        (shield unavailable)
rNeg    . . .        (body armour unavailable)
rPois   ∞            (helmet unavailable)
rElec   +            (cloak unavailable)
rCorr   +            (gloves unavailable)
SInv    +            (boots unavailable)
Will    +++++        q - amulet "Pyherats" {RegenMP rC+ Int+3 Stlth+}
Stlth   +++          T - ring "Xuojusegg" {+Blink rC+ Will+ Str+3 Dex-2}
HPRegen 2.04/turn    v - ring of the Hare {EV+10}
MPRegen 1.22/turn

%: no passive effects
@: storm-form, flying, studying 2 skills
A: cleaving, insubstantial, flying, very small, (claws 1), (fangs 3), see
invisible, (speed 1), (shaggy fur 3), (stealthy paws), no weapons or thrown
items, no armour, multi-lived, (horns 2), thin skeletal structure 1, agile 1,
clever 1, (fire resistance 3), passive freeze, sense surroundings 1, (eyeballs
1), (pseudopods 2), (translucent skin 3)
0: Orb of Zot
}: 15/15 runes: decaying, slimy, silver, golden, iron, obsidian, icy, bone,
abyssal, demonic, glowing, magical, fiery, dark, gossamer
a: Blinkbolt, Begin Untransformation, Renounce Religion, Evoke Blink, Oozemancy,
Slimify


You escaped.
You worshipped Jiyva.
Jiyva was exalted by your worship.
You were a lightning-filled tempest!
You visited 18 branches of the dungeon, and saw 88 of its levels.
You visited Pandemonium 1 time, and saw 14 of its levels.
You visited the Abyss 2 times.
You also visited: Trove, Bailey and Ice Cave.

You collected 28385 gold pieces.
You spent 9929 gold pieces at shops.
You paid 11413 gold pieces to Gozag.

Inventory:

Jewellery
 a - the ring of Jeweobua {rPois Will+ Stlth+}
   (You found it in a treasure trove)

   [ring of willpower]

   rPois:     It protects you from poison Will+: It increases your willpower.
   Stlth+:    It makes you more stealthy.
 b - the ring "Fessoxo" {+Blink rN+ Will+}
   (You acquired it on level 14 of the Dungeon)

   [ring of willpower]

   rN+:       It protects you from negative energy.
   Will+:     It increases your willpower.
   +Blink:    It lets you blink.
 f - the ring "Iryoss" {rF+ Str+2}
   (You found it on level 15 of the Dungeon)

   [ring of protection from fire]

   Str+2:     It affects your strength (+2).
   rF+:       It protects you from fire.
 g - the amulet of Lugonu's Displeasure {rElec Regen+ Str+6 Dex-5}
   (You bought it in a shop on level 10 of the Dungeon)

   [amulet of regeneration]

   Str+6:     It affects your strength (+6).
   Dex-5:     It affects your dexterity (-5).
   rElec:     It insulates you from electricity.
   Regen+:    It increases your rate of health regeneration.
 l - a ring of protection from fire
 q - the amulet "Pyherats" (around neck) {RegenMP rC+ Int+3 Stlth+}
   (You took it off a deep elf sorcerer on level 3 of the Elven Halls)

   [amulet of magic regeneration]

   RegenMP:   It increases your rate of magic regeneration.
   Int+3:     It affects your intelligence (+3).
   rC+:       It protects you from cold.
   Stlth+:    It makes you more stealthy.
 r - a ring of protection from cold
 s - an amulet of the acrobat
 u - a +6 ring of dexterity
 v - the ring of the Hare (right paw) {EV+10}
   (You bought it in a shop on level 10 of the Dungeon)

   [ring of evasion]

   EV+10:     It affects your evasion (+10).
 K - the ring of the Komtur {rElec rCorr Str+6 Slay+2}
   (You bought it in a shop on level 10 of the Dungeon)

   [ring of strength]

   Str+6:     It affects your strength (+6).
   Slay+2:    It affects your accuracy & damage with ranged weapons and melee
   (+2).
   rElec:     It insulates you from electricity.
   rCorr:     It protects you from acid and corrosion.
 M - a +4 ring of slaying
 S - a +6 ring of dexterity
 T - the ring "Xuojusegg" (left paw) {+Blink rC+ Will+ Str+3 Dex-2}
   (You bought it in a shop on level 10 of the Dungeon)

   [ring of willpower]

   Str+3:     It affects your strength (+3).
   Dex-2:     It affects your dexterity (-2).
   rC+:       It protects you from cold.
   Will+:     It increases your willpower.
   +Blink:    It lets you blink.
 U - the ring "Uschuoha" {rElec rPois rC+ rCorr}
   (You took it off a vault guard on level 5 of the Vaults)

   [ring of poison resistance]

   rC+:       It protects you from cold.
   rElec:     It insulates you from electricity.
   rPois:     It protects you from poison rCorr: It protects you from acid and
   corrosion.
Talismans
 w - a storm talisman (active)
 V - a talisman of death
Wands
 e - a wand of light (39)
 n - a wand of digging (8)
 x - a wand of paralysis (87)
 C - a wand of flame (76)
 J - a wand of mindburst (43)
 Y - a wand of iceblast (49)
Scrolls
 i - 8 scrolls of poison
 k - 7 scrolls of brand weapon
 m - 19 scrolls of amnesia
 t - 3 scrolls of blinking
 y - 2 scrolls of revelation
 z - 7 scrolls of noise
 B - 10 scrolls of fog
 F - 13 scrolls of immolation
 H - 7 scrolls of fear
 N - 4 scrolls of silence
 O - 12 scrolls of vulnerability
 Q - 3 scrolls of torment
Potions
 c - 3 potions of invisibility
 d - a potion of haste
 j - 9 potions of lignification
 o - a potion of might
 p - 2 potions of berserk rage
 A - 15 potions of curing
 D - 7 potions of enlightenment
 G - 8 potions of mutation
 I - 8 potions of cancellation
 P - 10 potions of heal wounds
 R - 10 potions of attraction
 W - 9 potions of ambrosia
 X - 5 potions of brilliance
 Z - 5 potions of resistance
Miscellaneous
 E - a lightning rod (4/4)


   Skills:
 O Level 27 Fighting
 O Level 27 Dodging
 - Level 16.0 Stealth
 O Level 27 Unarmed Combat
 - Level 23.2 Spellcasting
 + Level 24.5 Hexes
 O Level 27 Necromancy
 - Level 20.0 Translocations
 - Level 14.0 Transmutations
 - Level 8.0 Evocations
 O Level 27 Shapeshifting


You had 23 spell levels left.
You knew the following spells:

 Your Spells              Type           Power      Damage    Failure   Level
a - Manifold Assault      Tloc           67%        N/A       0%          4
b - Dispersal             Tloc           33%        N/A       1%          6
c - Death's Door          Necr           39%        N/A       4%          9
d - Death Channel         Necr           39%        N/A       0%          6
e - Blink                 Tloc           100%       N/A       0%          2
f - Infestation           Necr           39%        N/A       1%          8
g - Yara's Violent Unrav  Hex/Tmut       33%        3d14      1%          5
h - Wereblood             Tmut           56%        N/A       0%          2
i - Enfeeble              Hex            37%        N/A       1%          7

Your spell library contained the following spells:

 Spells                   Type           Power      Damage    Failure   Level
 Apportation              Tloc           100%       N/A       0%          1
 Kiss of Death            Conj/Necr      100%       2d13      0%          1
 Necrotise                Necr           100%       1d9       0%          1
 Slow                     Hex            100%       N/A       0%          1
 Confusing Touch          Hex            74%        N/A       0%          3
 Tukima's Dance           Hex            74%        N/A       0%          3
 Vampiric Draining        Necr           78%        2d11      0%          3
 Anguish                  Hex/Necr       38%        N/A       0%          4
 Animate Dead             Necr           78%        N/A       0%          4
 Cause Fear               Hex            37%        N/A       0%          4
 Dispel Undead            Necr           78%        3d26      0%          4
 Agony                    Necr           78%        N/A       0%          5
 Sting                    Tmut/Pois      100%       1d8       1%          1
 Cigotuvi's Dreadful Rot  Necr/Pois/Air  88%        N/A       1%          2
 Ensorcelled Hibernation  Hex/Ice        100%       N/A       1%          2
 Passwall                 Tmut/Erth      31%        N/A       1%          2
 Dazzling Flash           Conj/Hex       100%       N/A       1%          3
 Ignite Poison            Fire/Tmut/Pois 31%        N/A       1%          3
 Inner Flame              Hex/Fire       53%        N/A       1%          3
 Summon Guardian Golem    Hex/Summ       53%        N/A       1%          3
 Volatile Blastmotes      Fire/Tloc      94%        2d17      1%          3
 Fulminant Prism          Conj/Hex       26%        3d14      1%          4
 Iskenderun's Mystic Bla  Conj/Tloc      47%        2d10      1%          4
 Petrify                  Tmut/Erth      38%        N/A       1%          4
 Metabolic Englaciation   Hex/Ice        26%        N/A       1%          5
 Silence                  Hex/Air        26%        N/A       1%          5
 Summon Forest            Summ/Tloc      23%        N/A       1%          5
 Summon Mana Viper        Hex/Summ       53%        N/A       1%          5
 Simulacrum               Ice/Necr       27%        N/A       1%          6
 Borgnjor's Revivificati  Necr           39%        N/A       1%          8
 Discord                  Hex            37%        N/A       1%          8
 Foxfire                  Conj/Fire      68%        2x1d7     2%          1
 Magic Dart               Conj           68%        1d6       2%          1
 Sandblast                Erth           34%        2d9       2%          1
 Shock                    Conj/Air       68%        1d7       2%          1
 Summon Small Mammal      Summ           68%        N/A       2%          1
 Call Imp                 Summ           34%        N/A       3%          2
 Poisonous Vapours        Pois/Air       34%        N/A       3%          2
 Searing Ray              Conj           34%        2d5       3%          2
 Irradiate                Conj/Tmut      19%        3d18      4%          5
 Disjunction              Tloc           33%        N/A       4%          8
 Hailstorm                Conj/Ice       17%        3d6       8%          3
 Mephitic Cloud           Conj/Pois/Air  17%        N/A       8%          3
 Stone Arrow              Conj/Erth      34%        3d9       8%          3
 Swiftness                Air            17%        N/A       8%          3
 Haunt                    Necr/Summ      27%        N/A       9%          7
 Eringya's Noxious Bog    Tmut/Pois      19%        4d6       22%         6
 Airstrike                Air            8%         2d(2-18)  26%         4
 Flame Wave               Conj/Fire      17%        2d7       26%         4
 Olgreb's Toxic Radiance  Pois           17%        N/A       26%         4
 Sticky Flame             Conj/Fire      17%        2d4       26%         4
 Summon Ice Beast         Ice/Summ       17%        N/A       26%         4
 Malign Gateway           Summ/Tloc      23%        N/A       34%         7
 Fireball                 Conj/Fire      8%         3d6       56%         5
 Freezing Cloud           Conj/Ice/Air   8%         6-21      56%         5
 Iskenderun's Battlesphe  Conj           17%        2d7       56%         5
 Lee's Rapid Deconstruct  Erth           8%         3d7*      56%         5
 Conjure Ball Lightning   Conj/Air       8%         3x3d6     98%         6
 Leda's Unmaking          Conj/Erth      8%         9d2       98%         6
 Plasma Beam              Fire/Air       8%         2x1d19    98%         6
 Starburst                Conj/Fire      8%         6d4       98%         6
 Monstrous Menagerie      Summ           8%         N/A       100%        7
 Ozocubu's Refrigeration  Ice            8%         4d9       100%        7
 Spellforged Servitor     Conj/Summ      8%         N/A       100%        7
 Summon Hydra             Summ           8%         N/A       100%        7
 Ignition                 Fire           8%         3d5       100%        8
 Maxwell's Capacitive Co  Air            8%         ∞         100%        8
 Summon Horrible Things   Summ           8%         N/A       100%        8
 Chain Lightning          Conj/Air       8%         3d11      100%        9
 Dragon's Call            Summ           8%         N/A       100%        9
 Fire Storm               Conj/Fire      8%         8d2       100%        9
 Polar Vortex             Ice            8%         12d1*     100%        9
 Shatter                  Erth           8%         3d10*     100%        9
 Sublimation of Blood     Necr           Unusable   N/A       N/A         2
 Portal Projectile        Hex/Tloc       Unusable   N/A       N/A         3
 Animate Armour           Summ/Erth      Unusable   N/A       N/A         4

Dungeon Overview and Level Annotations

Branches:
Dungeon (15/15)            Temple (1/1) D:6            Lair (5/5) D:9
  Swamp (4/4) Lair:3       Spider (4/4) Lair:2        Slime (5/5) Lair:5
    Orc (2/2) D:10            Elf (3/3) Orc:2        Vaults (5/5) D:14
  Crypt (3/3) Vaults:2       Tomb (3/3) Crypt:3      Depths (4/4) D:15
   Hell (visited)             Dis (7/7) Hell            Geh (7/7) Hell
    Coc (7/7) Hell            Tar (7/7) Hell            Zot (5/5) Depths:4
 Bailey (visited)           IceCv (visited)

Altars:
Ashenzari
Cheibriados
Dithmenos
Elyvilon
Fedhas
Gozag
Hepliaklqana
Kikubaaqudgha
Makhleb
Nemelex Xobeh
Okawaru
Qazlal
Ru
Sif Muna
Trog
Uskayaw
Vehumet
Wu Jian
Xom
Yredelemnul
Zin
The Shining One
Jiyva

Shops:
D:2 (   D:6 *   D:7 *   D:10 =?!=??=   Orc:2 (*=*   Elf:1 [   Elf:2 *
Elf:3 :!!   Vaults:1 [   Vaults:5 [=::

Portals:
Hell: Depths:1 Depths:2 Depths:3 Depths:4
Abyss: Depths:1 Depths:2 Depths:3 Depths:4
Pandemonium: Orc:2 Depths:2 Depths:4
Ziggurat: Depths:4

Annotations:
D:7 exclusion: door
D:9 2 transporters, exclusion: two-headed ogre, whodunnit's ghost, novice DsSh
D:10 Gastronok
D:13 3 runed translucent doors, grizmgrazm2's ghost, journeyman DECj
Lair:5 1 runed translucent door
Spider:3 3 runed translucent doors, Iluol's ghost, adept TrSh; Liapeubank's ghost, adept GnEE
Slime:5 Royal Jelly
Elf:2 6 transporters
Elf:3 1 exclusion
Zot:3 3 runed translucent doors, Hyollov's ghost, legendary FoHu; Ningol's ghost, legendary MiFi


Innate Abilities, Weirdness & Mutations

You are a lightning-filled tempest!
Your electrical attacks strike out in all directions at once.
You are incredibly evasive.
Your insubstantial body is immune to petrification, constriction, and being set on fire You are flying.
You are immune to poison.
((You have sharp claws.))
((You have razor-sharp teeth.))
You have supernaturally acute eyesight. (SInv)
((You cover ground quickly. (Speed+)))
((Your thick and shaggy fur keeps you warm. (AC +3, rC+)))
((Your paws help you pounce on unaware monsters.))
You are incapable of wielding weapons or throwing items.
You cannot wear armour.
You gain extra lives every three experience levels.
((You have a pair of horns on your head.))
You have a somewhat thin skeletal structure. (Dex +2, Stealth+)
You are agile. (Dex +4, Str/Int -1)
Your mind is acute. (Int +4, Str/Dex -1)
((Your flesh is almost immune to the effects of heat. (rF+++)))
A frigid envelope surrounds you and freezes all who hurt you.
You passively map a small area around you.
((Your body has grown eyes which may confuse attackers. (Acc +3)))
((Armour fits poorly on your large pseudopods.))
((Your transparent skin significantly reduces your foes' accuracy. (Stealth+)))


Message History

There is a stone staircase leading down here.
There is a stone staircase leading up here.
You fly upwards.
An orange demon comes into view.
There is a stone staircase leading down here.
The orange demon completely misses you. x2
You blast the orange demon!!!
You kill the orange demon!
No target in view!
No target in view!
Things that are here:
a +0 ring mail; a +0 flail
There is a stone staircase leading up here.
You fly upwards.
There is a stone staircase leading down here.
You see here a +0 dagger.
There is a stone staircase leading up here.
You fly upwards.
There is a stone staircase leading down here.
A chaos spawn comes into view.
You closely miss the chaos spawn. You closely miss the chaos spawn.
You punch the chaos spawn!
The chaos spawn is moderately wounded.
The chaos spawn completely misses you.
You buffet the chaos spawn!
The chaos spawn is severely wounded.
You buffet the chaos spawn!
You kill the chaos spawn!
The chaos spawn degenerates into a cloud of primal chaos!
No target in view!
Casting: Enfeeble (mildly dangerous; 1% risk of failure)
Confirm with . or Enter, or press ? or * to list all spells.
Okay, then.
What level of the Dungeon? (default 1, ? - help)
There is a stone staircase leading up here.
You fly upwards.
There is a stone staircase leading down here.
There is a staircase leading out of the dungeon here.
Char dumped successfully.
You have escaped!

#....'....#########.....#.....
#....#.############.#.#.######
#......#.........##.#.#.....#
#......##.######.##.#.#####'##
#.........# #....#.........
#....#....#######...##........
#......##.#.........##........
#......##.#.####.##.##......(.
#......##.#.#v.#.##...........
#####..##.#.#..#.##.##........
#..##.#.##.#.##.##.)......
#..##.#....#.##.##........
#..##.######.##.##....†...
#...............##........
########....########...##.)......
#........#.........######........
#.#####....#.#####.# #........


There were no monsters in sight!

Vanquished Creatures
  Cerebov (Pan)
  A pandemonium lord (Pan)
  Antaeus (Coc:7)
  Asmodeus (Geh:7)
  Gloorx Vloq (Pan)
  the Serpent of Hell (Coc:7)
  Mnoleg (Pan)
  10 dread liches
  Lom Lobon (Pan)
  2 seraphim
  Dispater (Dis:7)
  11 ancient liches
  3 orbs of fire
  Mennas (Vaults:3)
  Mara (Swamp:3)
  3 juggernauts (Dis:7)
  28 royal mummies
  4 Killer Klowns (Zot:5)
  12 shard shrikes
  Frederick (Vaults:5)
  Geryon (Hell)
  Saint Roka (Depths:4)
  9 golden dragons
  31 caustic shrikes
  4 curse toes
  Norris (Vaults:3)
  Arachne (Spider:4)
  18 bone dragons
  3 profane servitors
  2 pearl dragons (Pan)
  5 doom hounds
  14 hellephants
  13 iron giants
  15 Tzitzimimeh
  5 electric golems
  7 Brimstone Fiends
  3 spectral shard shrikes
  20 Hell Sentinels
  8 tainted leviathans
  17 Ice Fiends
  18 tentacled monstrosities
  29 Orb Guardians
  4 titans
  8 quicksilver dragons
  2 deep elf master archers (Elf:3)
  15 liches
  2 deep elf blademasters
  15 searing wretches
  9 sphinxes
  9 death cobs
  29 ancient champions
  Murray (Hell)
  6 tengu reavers
  20 Executioners
  8 tentacled starspawn
  Agnes (D:15)
  Kirke (Spider:3)
  2 thorn hunters
  10 shadow dragons
  5 revenants
  2 draconian monks
  13 storm dragons
  A fenstrider witch (Swamp:3)
  8 daevas
  Aizul (Spider:2)
  3 demonspawn warmongers
  8 draconian knights
  7 narguns
  15 fire giants
  5 frost giants
  10 quicksilver elementals
  9 draconian scorchers
  6 deep elf sorcerers
  6 iron dragons
  8 emperor scorpions
  A deep elf elementalist (Abyss:3)
  A spectral juggernaut (Tar:3)
  5 shard shrike simulacra
  3 spectral caustic shrikes
  33 balrugs
  17 vault wardens
  Louise (Swamp:4)
  19 angels
  12 draconian shifters
  7 ghost moths
  4 cacodemons (Pan)
  5 draconian stormcallers
  21 ironbound preservers
  3 curse skulls
  An orc warlord (Vaults:3)
  5 ghouls
  13 reapers
  4 formless jellyfish
  30 war gargoyles
  9 ophanim (Pan)
  3 broodmothers
  6 caustic shrike skeletons
  41 very ugly things
  7 draconian annihilators
  6 ironbound thunderhulks
  6 spriggan defenders
  17 stone giants
  4 demonspawn corrupters (Pan)
  9 deep elf demonologists (Elf:3)
  19 elemental wellsprings
  5 demonspawn blood saints (Pan)
  22 apis (Pan)
  9 vampire knights
  22 green draconians
  13 black draconians
  6 demonspawn black suns
  10 wendigos
  6 eleionomae
  13 putrid mouths
  3 spectral titans
  7 white draconians
  8 deep elf annihilators
  Azrael (Elf:1)
  16 red draconians
  2 bennus (Tomb:2)
  7 bunyips
  17 dire elephants
  18 yellow draconians
  10 lorocyprocas
  13 purple draconians
  10 deep elf death magi
  12 spark wasps
  A spectral quicksilver dragon (Tar:4)
  9 ettins
  8 eidola
  7 blizzard demons
  37 iron golems
  9 green deaths
  11 fire dragons
  Josephine (Orc:2)
  6 great orbs of eyes
  17 mummy priests
  19 yaktaur captains
  A spectral golden dragon (Tar:3)
  16 jiangshi
  4 deep elf high priests
  9 entropy weavers
  6 spectral spriggans
  3 spectral iron giants
  3 hell beasts
  4 caustic shrike simulacra
  Harold (D:10)
  11 alligators
  10 salamander tyrants
  10 ice dragons
  Erolcha (D:11)
  3 ghost crabs
  11 hydras
  2 juggernaut simulacra
  Erica (D:8)
  A peacekeeper (Vaults:1)
  33 vault guards
  8 ironbound frosthearts
  5 spriggan air magi
  6 rakshasas
  3 death knights
  A demonspawn (Orc:2)
  29 boulder beetles
  A jorogumo (Spider:1)
  8 centaur warriors
  3 radroaches (Spider:3)
  A spectral stone giant (Tar:5)
  3 spriggan skeletons
  4 ogre magi
  2 catoblepae
  59 death scarabs
  7 two-headed ogres
  2 naga warriors (Abyss:3)
  7 tengu warriors
  7 stokers
  7 deep troll shamans
  28 dancing weapons
  57 hell hogs
  4 spectral nagas
  5 death yaks
  12 thrashing horrors
  22 soul eaters
  6 deep troll earth magi
  16 demonic crawlers
  2 storm dragon zombies
  9 orc high priests (Orc:2)
  2 spriggan berserkers (Depths:2)
  3 vampire magi
  12 hell knights
  3 crystal echidnas
  32 sun demons
  2 sun moths
  11 wretched stars
  Sonja (Lair:2)
  Nergalle (D:11)
  20 deep elf knights
  5 skysharks
  11 sixfirhies
  A spatial maelstrom (Abyss:3)
  A storm dragon skeleton (Crypt:3)
  5 titan skeletons (Crypt:3)
  11 cherubim (Pan)
  3 goliath frogs (Swamp:1)
  8 pharaoh ants
  A death drake (Swamp:4)
  23 shadow wraiths
  5 iron trolls
  3 spectral anacondas
  A bunyip zombie (Tomb:2)
  44 skeletal warriors
  5 quicksilver dragon simulacra
  3 spriggan druids
  4 flayed ghosts
  4 orb spiders
  2 orange crystal statues (Abyss:3)
  Pikel (D:5)
  5 lindwurms
  4 swamp dragons
  An obsidian statue (Zot:5)
  63 deep trolls
  19 ironbound convokers
  A spectral bunyip (Tar:1)
  11 bog bodies
  2 bunyip skeletons (Crypt:3)
  8 shadow demons
  A spriggan simulacrum (Coc:1)
  8 deep elf archers
  10 wizards
  12 phantasmal warriors
  7 harpies
  3 anaconda skeletons
  A spectral hydra (Swamp:4)
  2 necromancers
  A glowing orange brain (D:15)
  32 deep elf pyromancers
  2 broodmother zombies
  9 cyclopes
  4 orc sorcerers
  31 deep elf zephyrmancers
  9 steelbarb worms
  12 orc knights
  A shadow dragon skeleton (Crypt:3)
  6 alligator zombies
  31 ugly things
  16 wolf spiders
  A shock serpent zombie (Crypt:2)
  A spectral ettin (Tar:4)
  A goliath frog skeleton (Crypt:2)
  A worldbinder (Abyss:3)
  3 will-o-the-wisps
  5 manticores
  3 guardian serpents
  2 ice statues (Hell)
  A stone giant skeleton (Crypt:3)
  19 elephants
  8 rust devils
  2 apocalypse crabs (Abyss:3)
  10 molten gargoyles
  6 black mambas (Lair:5)
  Joseph (D:8)
  A storm dragon simulacrum (Coc:2)
  2 naga magi (Abyss:2)
  5 titan simulacra
  26 smoke demons
  10 torpor snails
  A dire elephant zombie (Crypt:2)
  A minotaur zombie (Crypt:1)
  25 moths of wrath
  3 gargoyles (D:12)
  A pale draconian zombie (Crypt:2)
  14 cane toads
  23 vault sentinels
  A naga skeleton (Crypt:3)
  5 dire elephant skeletons
  3 centaur skeletons
  A sea snake zombie (Hell)
  4 kobold demonologists
  9 komodo dragons
  51 yaktaurs
  10 orange demons
  A yaktaur (shapeshifter) (Abyss:3)
  21 tormentors
  6 unseen horrors
  3 swamp worm zombies (Swamp:4)
  4 anaconda simulacra
  A rime drake (Lair:5)
  32 hellions
  12 freezing wraiths
  9 efreet
  4 tengu conjurers
  8 ancient zymes
  2 bunyip simulacra
  A silent spectre (Tar:3)
  23 guardian mummies
  A harpy zombie (Tomb:2)
  5 ice devils
  A catoblepas skeleton (Crypt:1)
  3 meliai
  10 trolls
  60 large abominations
  49 starcursed masses
  4 red devils
  5 hydra zombies
  9 tyrant leeches
  3 polar bears
  A wind drake (shapeshifter) (Elf:1)
  26 hellwings
  21 hornets
  24 tarantellas
  2 bloated husks (Swamp:1)
  3 spectral harpies
  6 spectral swamp dragons (Swamp:4)
  25 raiju
  2 harpy skeletons
  20 blink frogs
  2 ettin zombies
  28 slime creatures
  3 stone giant simulacra
  An iron dragon simulacrum (Coc:7)
  24 jumping spiders
  17 flying skulls
  2 air elementals (Elf:1)
  2 jumping spiders (shapeshifter)
  2 ettin skeletons
  20 culicivoras
  A spriggan (shapeshifter) (D:15)
  26 yaks
  23 ushabtiu
  A naga simulacrum (Coc:7)
  2 vampires
  A shadow (D:12)
  15 wraiths
  19 wyverns
  9 ynoxinuls
  5 basilisks
  A fire bat (Abyss:3)
  4 water elementals
  2 black mamba skeletons
  18 spriggans
  3 dire elephant simulacra
  6 fire elementals (Elf:1)
  4 hogs (Spider:3)
  A human (shapeshifter) (D:12)
  25 neqoxecs
  72 redbacks
  9 chaos spawn
  2 sea snake simulacra (Hell)
  An alligator snapping turtle simulacrum (Coc:3)
  7 wargs
  24 vampire mosquitoes
  A naga (Abyss:2)
  A spatial vortex (Abyss:3)
  14 swamp worms
  An entropy weaver zombie (Crypt:1)
  6 hell hounds
  3 acid dragons
  9 harpy simulacra
  14 water moccasins
  3 hydra simulacra
  2 swamp drakes
  36 orc warriors
  A sky beast (D:7)
  2 glowing shapeshifter skeletons
  4 ettin simulacra
  A blink frog zombie (Crypt:1)
  4 ice beasts
  5 boggarts
  3 swamp dragon zombies (Swamp:4)
  2 swamp dragon skeletons (Pan)
  26 wolves
  13 ogres
  A blink frog skeleton (Crypt:2)
  8 centaurs
  A lindwurm skeleton (Crypt:2)
  2 lemures (D:5)
  3 kobold brigands
  9 phantoms
  15 bullfrogs
  A deep troll simulacrum (Coc:1)
  Blork the orc (D:6)
  A rime drake skeleton (Crypt:2)
  A gnoll sergeant (D:3)
  19 small abominations
  7 necrophages
  An earth elemental (Elf:2)
  18 wights
  A wyvern skeleton (Crypt:2)
  2 hornet simulacra (D:15)
  6 killer bees (D:9)
  A shapeshifter zombie (Crypt:1)
  4 howler monkeys
  6 electric eels
  A crimson imp (Pan)
  6 quasits
  4 hounds (D:5)
  A wolf skeleton (Crypt:2)
  3 iron imps (Abyss:2)
  28 orc priests
  Crazy Yiuf (D:2)
  2 human zombies
  3 jellies
  A sleepcap (D:6)
  2 iguanas
  26 orc wizards
  A spectral swamp drake (Swamp:4)
  An ice beast zombie (Crypt:3)
  A hound skeleton (Crypt:1)
  30 mummies
  10 gnolls
  8 adders
  2 shadow imps
  9 white imps
  4 ufetubi
  An iguana zombie (Crypt:3)
  2 worms
  3 dart slugs
  77 orcs
  9 bats
  6 endoplasms
  3 giant cockroaches
  4 hobgoblins
  4 quokkas
  4 ball pythons
  5 frilled lizards
  A gnoll skeleton (Crypt:3)
  10 goblins
  A jackal zombie (Crypt:3)
  27 kobolds
  A rat (D:2)
  2 ball lightnings (Pan)
  5 creeping infernos
  14 fire vortices
  A lurking horror (Abyss:3)
  11 starspawn tentacles
3863 creatures vanquished.

Vanquished Creatures (collateral kills)
  Ereshkigal (Tar:7)
  An ancient lich (Tar:7)
  11 royal mummies
  3 shard shrikes
  9 caustic shrikes
  2 Brimstone Fiends
  A bone dragon (Tar:7)
  A profane servitor (Tar:7)
  5 Tzitzimimeh
  5 iron giants
  2 doom hounds (Tar:7)
  A lich (Abyss:2)
  A Hell Sentinel (Dis:7)
  An Orb Guardian (Zot:5)
  3 tainted leviathans (Tar:7)
  2 searing wretches (Geh:7)
  A titan (Coc:5)
  8 ancient champions
  3 Executioners (Pan)
  2 narguns
  2 demonspawn warmongers (Pan)
  A fire giant (Geh:7)
  3 quicksilver elementals
  A frost giant (Vaults:5)
  A spectral juggernaut (Tar:7)
  8 cacodemons (Pan)
  8 balrugs
  2 vault wardens (Vaults:5)
  A demonspawn corrupter (Pan)
  9 war gargoyles
  3 reapers
  3 very ugly things (Pan)
  2 demonspawn black suns (Pan)
  A stone giant (Dis:5)
  An ophan (Pan)
  An elemental wellspring (Coc:5)
  4 putrid mouths (Tar:7)
  A deep elf annihilator (Pan)
  A wendigo (Coc:7)
  A white draconian (Zot:5)
  3 green deaths (Pan)
  6 iron golems (Dis:7)
  3 blizzard demons (Pan)
  8 mummy priests
  2 salamander tyrants (Geh:7)
  A fire dragon (Depths:3)
  A deep elf high priest (Vaults:5)
  5 vault guards (Vaults:5)
  A hell beast (Pan)
  A rakshasa (Pan)
  An ogre mage (Vaults:5)
  41 death scarabs
  3 hell hogs
  A boulder beetle (Dis:3)
  A demonic crawler (Pan)
  4 soul eaters (Pan)
  14 sun demons (Pan)
  2 crystal echidnas
  3 shadow wraiths (Tar:7)
  2 skeletal warriors
  A sixfirhy (Pan)
  2 spriggan simulacra
  A phantasmal warrior (Vaults:5)
  An ugly thing (Pan)
  A stone giant skeleton (Pan)
  A rust devil (Hell)
  2 molten gargoyles (Geh:7)
  4 orange demons (Pan)
  2 vault sentinels (Vaults:5)
  A titan simulacrum (Coc:5)
  17 smoke demons (Pan)
  An efreet (Pan)
  A yaktaur (Vaults:5)
  2 hellions
  13 guardian mummies
  3 ice devils (Coc:1)
  2 tormentors
  2 red devils (Pan)
  A golden dragon simulacrum (Coc:4)
  A troll (Vaults:5)
  6 hellwings (Pan)
  A raiju (Abyss:2)
  A hydra skeleton (Pan)
  An iron dragon simulacrum (Coc:1)
  10 flying skulls (Tomb:2)
  4 dire elephant simulacra
  7 ynoxinuls (Pan)
  10 ushabtiu
  5 chaos spawn
  6 neqoxecs (Pan)
  A harpy simulacrum (Coc:5)
  An ice beast (Coc:1)
  12 large abominations
  An ettin simulacrum (Coc:1)
  3 crimson imps (Pan)
  2 small abominations
  A quasit (Abyss:3)
  11 mummies
  2 orcs (Vaults:5)
  A fire vortex (Pan)
365 creatures vanquished.

Vanquished Creatures (others)
  A Hell Sentinel (Dis:7)
  Asterion (Vaults:2)
  An eldritch tentacle (Pan)
  An ancient champion (Dis:3)
  A daeva (Abyss:2)
  A nargun (Coc:6)
  2 fire giants
  2 azure jellies (Coc:7)
  A demonspawn warmonger (Pan)
  A stone giant (Vaults:5)
  A very ugly thing (Pan)
  3 demonspawn corrupters (Pan)
  A green death (Pan)
  A blizzard demon (Hell)
  A fire dragon (Depths:3)
  6 great orbs of eyes
  A rakshasa (Pan)
  A hydra (Swamp:1)
  An ice dragon (Depths:3)
  A caustic shrike simulacrum (Coc:7)
  A vampire mage (Depths:1)
  A deep elf knight (Elf:2)
  A cherub (Pan)
  5 glowing orange brains
  2 wizards
  2 deep elf zephyrmancers (Elf:3)
  A manticore (shapeshifter) (Vaults:5)
  2 shining eyes
  9 eyes of devastation (Depths:3)
  An ice statue (Coc:7)
  4 smoke demons
  A freezing wraith (Coc:7)
  A hellion (Coc:7)
  A yaktaur (Vaults:5)
  2 hellwings (Pan)
  3 bloated husks (Swamp:4)
  A slime creature (D:12)
  A culicivora (shapeshifter) (Vaults:5)
  A ynoxinul (Abyss:3)
  8 golden eyes
  2 humans (Spider:3)
  3 neqoxecs
  4 floating eyes
  3 harpy simulacra (Coc:7)
  A floating eye (shapeshifter) (Abyss:3)
  A quasit (Abyss:3)
  313 jellies
  An orc wizard (D:12)
  A hound skeleton (Crypt:3)
  A mummy (Tomb:3)
  A white imp (Abyss:2)
  An ufetubus (Abyss:3)
  3 orcs
  An endoplasm (shapeshifter) (D:12)
  4 ball lightnings (Pan)
  3 fire vortices (Pan)
  8 foxfires
  10 starspawn tentacles
438 creatures vanquished.

Grand Total: 4666 creatures vanquished

Notes
Turn   | Place    | Note
-------+----------+-------------------------------------------
     0 | D:1      | MacCMillion the Felid Shapeshifter began the quest for the
                  | Orb.
     0 | D:1      | Reached XP level 1. HP: 9/9 MP: 2/2
    64 | D:1      | Reached skill level 1 in Stealth
   399 | D:1      | Found a faded altar of an unknown god.
   430 | D:1      | Reached XP level 2. HP: 12/12 MP: 3/3
   850 | D:2      | Found Rieriqak's Antique Weapon Shoppe.
  1075 | D:2      | Reached XP level 3. HP: 14/15 MP: 4/4
  1247 | D:2      | Found a runed translucent door.
  1248 | D:2      | Noticed Crazy Yiuf
  1819 | D:3      | Reached XP level 4. HP: 12/19 MP: 5/5
  2059 | D:3      | Noticed a gnoll sergeant
  2910 | D:4      | Noticed an ogre
  3081 | D:4      | Noticed an ogre
  3261 | D:4      | Reached XP level 5. HP: 22/22 MP: 6/6
  3600 | D:4      | Noticed an ogre
  3655 | D:4      | Found a stormy altar of Qazlal.
  3666 | D:4      | Reached skill level 5 in Stealth
  3932 | D:5      | Entered Level 5 of the Dungeon
  4034 | D:5      | Gained mutation: You are covered in thick fur. (AC +2)
                  | [Felid growth]
  4034 | D:5      | Reached XP level 6. HP: 25/27 MP: 7/7
  4267 | D:5      | Reached skill level 5 in Dodging
  4511 | D:5      | Noticed an ice beast
  4533 | D:5      | Killed an ice beast
  4534 | D:5      | Reached XP level 7. HP: 31/31 MP: 8/8
  4747 | D:5      | Noticed Pikel
  4822 | D:5      | Killed Pikel
  4823 | D:5      | Reached skill level 5 in Unarmed Combat
  4823 | D:5      | Reached XP level 8. HP: 29/36 MP: 9/9
  5435 | D:6      | Found Secha's Elemental Accessories.
  5447 | D:6      | Noticed a troll
  5501 | D:6      | Found a staircase to the Ecumenical Temple.
  5507 | Temple   | Entered the Ecumenical Temple
  5513 | Temple   | Became a worshipper of Gozag Ym Sagoz the Greedy
  5528 | D:6      | Noticed an unseen horror
  5535 | D:6      | Killed an unseen horror
  5536 | D:6      | Reached skill level 5 in Fighting
  5636 | D:6      | Noticed Blork the orc
  5644 | D:6      | Killed Blork the orc
  6064 | D:7      | Reached XP level 9. HP: 41/41 MP: 10/10
  6133 | D:7      | Found Zalicw's Assorted Antiques.
  6141 | D:7      | Bought a scroll labelled QOIRIO QUQO for 25 gold pieces
  6141 | D:7      | Bought 2 lumpy yellow potions for 45 gold pieces
  6260 | D:7      | Noticed a kobold demonologist
  6326 | D:7      | Killed a kobold demonologist
  6502 | D:6      | Bought a wand of flame (9) for 75 gold pieces
  6727 | D:7      | Found a radiant altar of Vehumet.
  7387 | D:8      | Noticed Erica
  7391 | D:8      | Reached skill level 5 in Shapeshifting
  7392 | D:8      | Noticed a two-headed ogre
  7582 | D:8      | Noticed Joseph
  7656 | D:8      | Killed Joseph
  7722 | D:8      | Found a flagged portal.
  7783 | D:8      | Killed Erica
  7784 | D:8      | Reached XP level 10. HP: 47/47 MP: 11/11
  7816 | Bailey   | Entered a bailey
  7846 | Bailey   | Reached skill level 10 in Dodging
  8004 | Bailey   | Noticed a two-headed ogre
  8015 | Bailey   | Killed a two-headed ogre
  8105 | Bailey   | Identified the +3 mace of the Big Bang {drain, rN+}
  8253 | D:8      | Killed a two-headed ogre
  8300 | D:8      | Found a shimmering blue altar of Sif Muna.
  8302 | D:8      | Found a glowing golden altar of the Shining One.
  8837 | D:9      | Found a shimmering altar of Xom.
  8868 | D:9      | Found a staircase to the Lair.
  8995 | D:9      | Noticed a two-headed ogre
  9013 | D:9      | Noticed a moth of wrath
  9013 | D:9      | Noticed a two-headed ogre
  9016 | D:9      | Found a transporter.
  9020 | D:9      | Found a transporter.
  9025 | D:9      | Noticed a two-headed ogre
  9043 | D:9      | Noticed whodunnit's ghost (novice DsSh)
  9047 | D:9      | Found a bloodstained altar of Trog.
  9047 | D:9      | Noticed a tengu warrior
  9233 | D:9      | Noticed a two-headed ogre
  9322 | D:9      | Reached XP level 11. HP: 51/51 MP: 12/12
  9760 | D:10     | Entered Level 10 of the Dungeon
 10137 | D:10     | Noticed Gastronok
 10154 | D:10     | Noticed a two-headed ogre
 10622 | D:10     | Noticed Harold
 10637 | D:10     | Killed Harold
 10809 | D:10     | Found a staircase to the Orcish Mines.
 11396 | D:11     | Got the Discourse on Unified Moulding
 11466 | D:11     | Found an opulent altar of Gozag.
 11565 | D:11     | Noticed a two-headed ogre
 11653 | D:11     | Noticed Erolcha
 11656 | D:11     | Killed Erolcha
 11683 | D:11     | Found a gate leading to a gauntlet.
 11700 | D:11     | Noticed a boulder beetle
 11714 | D:11     | Killed a boulder beetle
 11781 | D:11     | Noticed Nergalle
 11800 | D:11     | Killed Nergalle
 11924 | D:11     | Reached skill level 10 in Unarmed Combat
 12015 | D:12     | Noticed an orc knight
 12016 | D:12     | Noticed a catoblepas
 12056 | D:12     | Noticed a boulder beetle
 12056 | D:12     | Noticed an orc knight
 12239 | D:12     | Noticed a deep elf pyromancer
 12239 | D:12     | Noticed a two-headed ogre
 13321 | D:4      | Found a stormy altar of Qazlal.
 14533 | D:2      | Killed Crazy Yiuf
 15698 | D:6      | Found Secha's Elemental Accessories.
 15789 | D:6      | Found a staircase to the Ecumenical Temple.
 16181 | D:7      | Found Zalicw's Assorted Antiques.
 17132 | Lair:1   | Entered Level 1 of the Lair of Beasts
 17294 | Lair:1   | Gained mutation: Your thick and shaggy fur keeps you warm.
                  | (AC +3, rC+) [Felid growth]
 17294 | Lair:1   | Reached XP level 12. HP: 56/58 MP: 13/13
 17357 | Lair:1   | Noticed a boulder beetle
 17452 | Lair:1   | Slain by a boulder beetle
 17534 | Lair:1   | Reached skill level 10 in Fighting
 17792 | Lair:1   | Killed a boulder beetle
 17793 | Lair:1   | Reached skill level 10 in Shapeshifting
 18097 | Lair:2   | Identified a scroll of acquirement
 18103 | Lair:2   | Acquired 809 gold pieces
 18197 | Lair:2   | Found a hole to the Spider Nest.
 18631 | Lair:2   | Noticed Sonja
 18642 | Lair:2   | Killed Sonja
 20485 | Lair:3   | Found a staircase to the Swamp.
 20871 | Lair:4   | Reached XP level 13. HP: 63/63 MP: 14/14
 21203 | Lair:4   | Found a frozen archway.
 21231 | IceCv    | Entered an ice cave
 22052 | Lair:4   | Reached skill level 10 in Stealth
 22505 | Lair:5   | Entered Level 5 of the Lair of Beasts
 22647 | Lair:5   | Identified the +6 mace of Duty {venom, Dex+6}
 22659 | Lair:5   | Found a viscous altar of Jiyva.
 22659 | Lair:5   | Found a staircase to the Slime Pits.
 22686 | Lair:5   | Reached skill level 15 in Dodging
 25122 | Lair:5   | Reached XP level 14. HP: 51/69 MP: 15/15
 25434 | Lair:5   | Found a runed translucent door.
 26630 | Lair:5   | Reached skill level 15 in Shapeshifting
 26665 | Lair:5   | HP: 3/69 [cane toad (18)]
 27784 | Orc:1    | Entered Level 1 of the Orcish Mines
 28056 | D:10     | Bought the ring "Xuojusegg" {+Blink rC+ Will+ Str+3 Dex-2}
                  | for 721 gold pieces
 28057 | D:10     | Bought a dragon-blood talisman for 1200 gold pieces
 28561 | Orc:2    | Entered Level 2 of the Orcish Mines
 28797 | Orc:2    | Noticed Josephine
 28827 | Orc:2    | Killed Josephine
 28828 | Orc:2    | Reached skill level 1 in Evocations
 28996 | Orc:2    | Found a staircase to the Elven Halls.
 29862 | Orc:2    | Found Veheit's General Store.
 29894 | Orc:2    | Found Wiwe Pith's General Store.
 30529 | Orc:2    | Bought a potion of might for 60 gold pieces
 31263 | Orc:2    | Reached XP level 15. HP: 73/73 MP: 16/16
 31726 | Orc:2    | Found Kuguynurgh's Jewellery Boutique.
 31726 | Orc:2    | Found Ceblas's Antique Weapon Shop.
 31726 | Orc:2    | Found a one-way gate leading to the halls of Pandemonium.
 32053 | D:12     | Got Sif Muna's Folio of Cooperative Bad Luck
 32143 | D:12     | Noticed a frost giant
 32351 | D:12     | Killed a frost giant
 32356 | D:12     | Identified the +0 dagger "Butox" {vamp, rF+ SInv}
 32804 | D:12     | Noticed a shadow dragon
 33034 | D:13     | Found a runed translucent gate.
 33042 | D:13     | Found a runed translucent gate.
 33042 | D:13     | Found a runed translucent gate.
 33049 | D:13     | Noticed grizmgrazm2's ghost (journeyman DECj)
 33669 | D:12     | Identified the +10 arbalest "Ytora" {drain, rC++ Str-5
                  | Dex-3 Stlth+}
 33669 | D:12     | Identified the ring "Keosch" {rPois Str-5 Slay+2 SInv}
 33977 | D:14     | Found a hide-covered altar of Uskayaw.
 34760 | D:14     | Found a portal to a secret trove of treasure.
 34850 | D:14     | Found a gate to the Vaults.
 34957 | D:15     | Entered Level 15 of the Dungeon
 34983 | D:14     | Acquired 1032 gold pieces
 34985 | D:14     | Acquired a manual of Stealth
 34987 | D:14     | Acquired the ring "Fessoxo" {+Blink rN+ Will+}
 35235 | D:15     | Noticed Agnes
 35251 | D:15     | Reached XP level 16. HP: 77/77 MP: 17/17
 35412 | D:15     | Identified the ring "Iryoss" {rF+ Str+2}
 35425 | D:15     | Found a staircase to the Depths.
 35479 | D:15     | Found a transporter.
 35684 | D:15     | Paralysed by a great orb of eyes for 3 turns
 35819 | D:15     | Identified the ring of Circularity {+Blink Fly rN+}
 35838 | D:14     | HP: 4/115 [skeletal warrior/+0 battleaxe (4)]
 36203 | D:15     | Found a blossoming altar of Fedhas.
 36235 | D:15     | Found the +8 storm bow {elec, penet}
 36369 | D:15     | Found a hazy altar of Hepliaklqana.
 36488 | D:15     | Killed Agnes
 36819 | D:15     | Found a transporter.
 36821 | D:15     | Identified the ring "Dattymaa" {Fly rF- rC+ Int+3}
 36834 | D:15     | Found a hide-covered altar of Uskayaw.
 37313 | D:12     | Killed a shadow dragon
 39939 | Spider:1 | Entered Level 1 of the Spider Nest
 41231 | Spider:2 | Reached XP level 17. HP: 78/81 MP: 18/18
 43206 | Spider:3 | Noticed Kirke
 43215 | Spider:3 | Noticed a sphinx
 43221 | Spider:3 | Killed Kirke
 43462 | Spider:3 | Noticed Aizul
 43565 | Spider:2 | Killed Aizul
 43946 | Spider:3 | Found a runed translucent gate.
 43947 | Spider:3 | Found a runed translucent gate.
 43952 | Spider:3 | Found a runed translucent gate.
 43952 | Spider:3 | Noticed Liapeubank's ghost (adept GnEE)
 43954 | Spider:3 | Noticed Iluol's ghost (adept TrSh)
 44793 | Spider:4 | Entered Level 4 of the Spider Nest
 45219 | Spider:4 | Noticed Arachne
 45241 | Spider:4 | Killed Arachne
 45445 | Spider:4 | Reached skill level 5 in Evocations
 45863 | Spider:4 | Reached XP level 18. HP: 87/87 MP: 19/19
 46327 | Spider:4 | Got a gossamer rune of Zot
 46579 | Swamp:1  | Entered Level 1 of the Swamp
 46766 | Swamp:1  | You are sucked into a shaft and drop 1 floor!
 47309 | Swamp:2  | Acquired 1096 gold pieces
 48331 | Swamp:3  | Reached skill level 15 in Fighting
 48749 | Swamp:3  | Noticed Mara
 48752 | Swamp:3  | Noticed MacCMillion's illusion
 48775 | Swamp:3  | Killed Mara
 49118 | Swamp:4  | Entered Level 4 of the Swamp
 49718 | Swamp:4  | Noticed Louise
 50082 | Swamp:4  | Killed Louise
 50182 | Swamp:4  | Noticed a bone dragon
 50284 | Swamp:4  | Killed a bone dragon
 50308 | Swamp:4  | Got a decaying rune of Zot
 50638 | Elf:1    | Entered Level 1 of the Elven Halls
 50644 | Elf:1    | Noticed Azrael
 50658 | Elf:1    | Reached skill level 15 in Unarmed Combat
 50664 | Elf:1    | Killed Azrael
 50782 | Elf:1    | Reached XP level 19. HP: 93/93 MP: 20/20
 51037 | Elf:1    | Got Jozeivuumi's Volume of Calling
 51166 | Elf:1    | Found Sigamenoha's Armour Boutique.
 51510 | Elf:2    | Found a transporter.
 51522 | Elf:2    | Found a transporter.
 51654 | Elf:2    | Found a transporter.
 51658 | Elf:2    | Found a transporter.
 51786 | Elf:2    | Found a transporter.
 51832 | Elf:2    | Found a transporter.
 52104 | Vaults:1 | Entered Level 1 of the Vaults
 52694 | Vaults:1 | Found Ludidez's Armour Shoppe.
 53671 | Vaults:2 | Found a staircase to the Crypt.
 54053 | Vaults:2 | Noticed Asterion
 54096 | Vaults:2 | Killed Asterion
 54145 | Vaults:2 | Reached XP level 20. HP: 98/98 MP: 21/21
 54503 | Vaults:2 | You are sucked into a shaft and drop 2 floors!
 54761 | Vaults:3 | Noticed Mennas
 55167 | Vaults:4 | Reached skill level 15 in Stealth
 56302 | Vaults:3 | Acquired a manual of Necromancy
 56545 | Vaults:3 | Reached XP level 21. HP: 103/103 MP: 22/22
 56823 | Vaults:3 | Killed Mennas
 57192 | Vaults:3 | Noticed Norris
 57199 | Vaults:3 | Killed Norris
 57776 | D:14     | You paid a toll of 13 scrolls of teleportation to enter a
                  | treasure trove
 57777 | Trove    | Entered a treasure trove
 57784 | Trove    | Identified the ring of Jeweobua {rPois Will+ Stlth+}
 57790 | Trove    | Identified the ring of Reaf {*Corrode rElec rF+ Str-5
                  | Int+9}
 57797 | Trove    | Identified the amulet of Dothusa {RegenMP rElec}
 57801 | Trove    | Identified the ring "Numomoti" {rC+ MP+9 EV+5 Int+3 Dex-5}
 58190 | D:10     | Bought a scroll of silence for 152 gold pieces
 58190 | D:10     | Bought a scroll of blinking for 120 gold pieces
 58190 | D:10     | Bought a scroll of blinking for 120 gold pieces
 58193 | D:10     | Bought a potion of mutation for 168 gold pieces
 58193 | D:10     | Bought a potion of cancellation for 168 gold pieces
 58193 | D:10     | Bought a potion of heal wounds for 105 gold pieces
 58193 | D:10     | Bought a potion of haste for 210 gold pieces
 58196 | D:10     | Bought a scroll of fear for 76 gold pieces
 58196 | D:10     | Bought a scroll of fear for 76 gold pieces
 58199 | D:10     | Bought a scroll of teleportation for 36 gold pieces
 58199 | D:10     | Bought a scroll of teleportation for 36 gold pieces
 58203 | D:10     | Bought the amulet of Lugonu's Displeasure {rElec Regen+
                  | Str+6 Dex-5} for 875 gold pieces
 58203 | D:10     | Bought the ring of the Komtur {rElec rCorr Str+6 Slay+2}
                  | for 1216 gold pieces
 58223 | D:10     | Bought the ring of the Hare {EV+10} for 1920 gold pieces
 58223 | D:10     | Bought a talisman of death for 1705 gold pieces
 58223 | D:10     | Found the ring of the Hare {EV+10}
 58341 | Lair:5   | Fell from the grace of Gozag
 58341 | Lair:5   | Became a worshipper of Jiyva Jouveped the Shapeless
 58344 | Slime:1  | Entered Level 1 of the Pits of Slime
 58468 | Slime:5  | Entered Level 5 of the Pits of Slime
 58566 | Slime:5  | Noticed the Royal Jelly
 58672 | Slime:5  | Found a viscous altar of Jiyva.
 59440 | Crypt:1  | Entered Level 1 of the Crypt
 59737 | Crypt:1  | Found a huge runed translucent gate.
 59737 | Crypt:1  | Found a huge runed translucent gate.
 59738 | Crypt:1  | Found a huge runed translucent gate.
 59738 | Crypt:1  | Found a huge runed translucent gate.
 59738 | Crypt:1  | Found a huge runed translucent gate.
 59738 | Crypt:1  | Found a huge runed translucent gate.
 59739 | Crypt:1  | Found a huge runed translucent gate.
 59739 | Crypt:1  | Found a huge runed translucent gate.
 59739 | Crypt:1  | Found a huge runed translucent gate.
 60203 | Crypt:1  | Reached * piety under Jiyva
 60432 | Crypt:1  | Identified the +6 falchion of Gumixun {pain, rF++ rCorr
                  | MP-9 Dex+2}
 60861 | Crypt:2  | Reached ** piety under Jiyva
 61171 | Crypt:3  | Entered Level 3 of the Crypt
 61685 | Crypt:3  | Reached XP level 22. HP: 110/110 MP: 23/23
 61728 | Crypt:3  | Reached *** piety under Jiyva
 61728 | Crypt:3  | Gained mutation: Your body has grown eyes which may confuse
                  | attackers. (Acc +3) [Jiyva's grace]
 61728 | Crypt:3  | Gained mutation: Your body has grown many eyes which may
                  | confuse attackers. (Acc +5) [Jiyva's grace]
 61728 | Crypt:3  | Gained mutation: Your body is covered in eyes which may
                  | confuse attackers. (Acc +7, SInv) [Jiyva's grace]
 61728 | Crypt:3  | Gained mutation: You are covered in slimy tendrils that may
                  | disarm your opponents. [Jiyva's grace]
 61760 | Crypt:3  | Noticed a curse toe
 61766 | Crypt:3  | Killed a curse toe
 62083 | Crypt:3  | Identified the ring "Naudwy" {rPois rC+ rCorr Str-3 Int+2}
 62355 | Crypt:3  | Found a staircase to the Tomb.
 62462 | Crypt:3  | Noticed an ancient lich
 62465 | Crypt:3  | Killed an ancient lich
 62466 | Crypt:3  | Found the +0 pair of fencer's gloves {Riposte Dex+3}
 62475 | Crypt:3  | Got the Cyclopedia of Misery
 62478 | Crypt:3  | Got the Volume of Transportation and Tephra
 62588 | Tomb:1   | Entered Level 1 of the Tomb of the Ancients
 62742 | Tomb:1   | Reached **** piety under Jiyva
 63278 | Elf:2    | Found Unkoffoj's Assorted Antiques.
 63284 | Elf:2    | Bought a potion of might for 124 gold pieces
 63426 | Elf:2    | Found a runed translucent gate.
 63427 | Elf:2    | Found a runed translucent gate.
 63427 | Elf:2    | Found a runed translucent gate.
 64069 | Elf:2    | Found a transporter.
 64078 | Elf:2    | Found a transporter.
 64082 | Elf:2    | Found a transporter.
 64084 | Elf:2    | Found a transporter.
 64129 | Elf:2    | Found a transporter.
 64130 | Elf:2    | Found a transporter.
 64249 | Elf:2    | Found Unkoffoj's Assorted Antiques.
 64460 | Elf:3    | Entered Level 3 of the Elven Halls
 64504 | Elf:3    | Found Daitez Imata's Book Shop.
 64507 | Elf:3    | Lost mutation: Your body is covered in eyes which may
                  | confuse attackers. (Acc +7, SInv) [Jiyva's grace]
 64507 | Elf:3    | Lost mutation: You are covered in slimy tendrils that may
                  | disarm your opponents. [Jiyva's grace]
 64507 | Elf:3    | Gained mutation: You have a pair of small horns on your
                  | head. [Jiyva's grace]
 64507 | Elf:3    | Gained mutation: You have a pair of horns on your head.
                  | [Jiyva's grace]
 64507 | Elf:3    | Gained mutation: You have a pair of large horns on your
                  | head. [Jiyva's grace]
 64507 | Elf:3    | Gained mutation: Your translucent skin slightly reduces
                  | your foes' accuracy. (Stealth+) [Jiyva's grace]
 64533 | Elf:3    | Reached ***** piety under Jiyva
 64573 | Elf:3    | Found Duruquad's Distillery.
 64616 | Elf:3    | Found Bawuz's Distillery.
 64645 | Elf:3    | Bought a potion of heal wounds for 100 gold pieces
 64645 | Elf:3    | Bought a potion of heal wounds for 100 gold pieces
 64645 | Elf:3    | Bought a potion of might for 80 gold pieces
 64645 | Elf:3    | Bought a potion of might for 80 gold pieces
 66668 | Elf:3    | Identified the amulet "Pyherats" {RegenMP rC+ Int+3 Stlth+}
 66679 | Abyss:2  | Found a corrupted altar of Lugonu.
 66679 | Abyss:2  | Cast into level 2 of the Abyss (a deep elf sorcerer)
 66705 | Abyss:2  | Found a corrupted altar of Lugonu.
 66714 | Abyss:2  | Found a corrupted altar of Lugonu.
 66714 | Abyss:2  | Found a corrupted altar of Lugonu.
 67042 | Abyss:2  | Gained mutation: Your body is covered in eyes which may
                  | confuse attackers. (Acc +7, SInv) [Jiyva's grace]
 67042 | Abyss:2  | Gained mutation: Your system is resistant to poisons.
                  | (rPois) [Jiyva's grace]
 67042 | Abyss:2  | Gained mutation: Your flesh is cold resistant. (rC+)
                  | [Jiyva's grace]
 67042 | Abyss:2  | Gained mutation: Your flesh is very cold resistant. (rC++)
                  | [Jiyva's grace]
 67148 | Elf:3    | Escaped the Abyss
 67161 | Elf:3    | Reached XP level 23. HP: 117/117 MP: 24/24
 67348 | Elf:3    | Identified the +4 dagger of Imminent Death {pain, Int+6}
 67372 | Elf:3    | Got the Discursus on Chilblains and Composition
 67716 | Depths:1 | Entered Level 1 of the Depths
 67822 | Depths:1 | Found a radiant altar of Vehumet.
 67862 | Depths:1 | Reached ****** piety under Jiyva
 68041 | Depths:1 | Found a gateway to Hell.
 68351 | Depths:1 | Found a one-way gate to the infinite horrors of the Abyss.
 68365 | Depths:1 | You are sucked into a shaft and drop 1 floor!
 68382 | Depths:2 | Was forgiven by Gozag
 68835 | Depths:1 | Lost mutation: You have a pair of large horns on your head.
                  | [Jiyva's grace]
 68835 | Depths:1 | Lost mutation: You have a pair of horns on your head.
                  | [Jiyva's grace]
 68835 | Depths:1 | Lost mutation: Your system is resistant to poisons. (rPois)
                  | [Jiyva's grace]
 68835 | Depths:1 | Gained mutation: Your system is resistant to poisons.
                  | (rPois) [Jiyva's grace]
 68835 | Depths:1 | Gained mutation: You are partially covered in iridescent
                  | scales. (AC +2) [Jiyva's grace]
 68835 | Depths:1 | Gained mutation: You are mostly covered in iridescent
                  | scales. (AC +4) [Jiyva's grace]
 68835 | Depths:1 | Gained mutation: You are completely covered in iridescent
                  | scales. (AC +6) [Jiyva's grace]
 69023 | Depths:1 | Found a radiant altar of Vehumet.
 69181 | Depths:1 | Found a gateway to Hell.
 69772 | Depths:2 | Noticed a caustic shrike
 69785 | Depths:2 | Killed a caustic shrike
 69795 | Depths:2 | Reached skill level 1 in Translocations
 69797 | Depths:2 | Reached skill level 1 in Spellcasting
 69802 | Depths:2 | Learned a level 4 spell: Manifold Assault
 70543 | Depths:2 | Reached skill level 5 in Translocations
 70822 | Depths:3 | Reached skill level 5 in Spellcasting
 71483 | Depths:4 | Entered Level 4 of the Depths
 71547 | Depths:4 | Lost mutation: Your flesh is very cold resistant. (rC++)
                  | [Jiyva's grace]
 71547 | Depths:4 | Lost mutation: Your body is covered in eyes which may
                  | confuse attackers. (Acc +7, SInv) [Jiyva's grace]
 71547 | Depths:4 | Gained mutation: Your mind is acute. (Int +4, Str/Dex -1)
                  | [Jiyva's grace]
 71547 | Depths:4 | Gained mutation: Your mind is very acute. (Int +8, Str/Dex
                  | -2) [Jiyva's grace]
 71547 | Depths:4 | Gained mutation: Armour fits poorly on your pseudopods.
                  | [Jiyva's grace]
 71547 | Depths:4 | Gained mutation: Armour fits poorly on your large
                  | pseudopods. [Jiyva's grace]
 71552 | Depths:4 | Noticed Saint Roka
 71590 | Depths:4 | Reached skill level 10 in Translocations
 71621 | Depths:4 | Killed Saint Roka
 71750 | Depths:4 | Found a gate to the Realm of Zot.
 71839 | Depths:4 | Found a one-way gateway to a ziggurat.
 72121 | Depths:4 | Found an ornate altar of the Wu Jian Council.
 72404 | Depths:4 | Reached XP level 24. HP: 124/124 MP: 35/35
 73031 | Slime:5  | Got a slimy rune of Zot
 73033 | Slime:5  | Got Zitrekhlio's Dissertation on Macabre Vapour
 73035 | Slime:5  | Identified the +2 scimitar of Jokhupt {chaos, Will+ Int+2
                  | Dex-3}
 73478 | Zot:1    | Entered Level 1 of the Realm of Zot
 73767 | Zot:1    | Noticed an orb of fire
 73781 | Zot:1    | Killed an orb of fire
 74832 | Zot:1    | Reached skill level 15 in Translocations
 74837 | Zot:1    | Reached skill level 10 in Spellcasting
 74856 | Zot:1    | Learned a level 6 spell: Dispersal
 75151 | Zot:2    | Lost mutation: Your flesh is cold resistant. (rC+) [Jiyva's
                  | grace]
 75151 | Zot:2    | Lost mutation: Your system is resistant to poisons. (rPois)
                  | [Jiyva's grace]
 75151 | Zot:2    | Lost mutation: Your body has grown many eyes which may
                  | confuse attackers. (Acc +5) [Jiyva's grace]
 75151 | Zot:2    | Gained mutation: Your rubbery body absorbs attacks. (AC +1,
                  | EV +1) [Jiyva's grace]
 75151 | Zot:2    | Gained mutation: Your pliable body absorbs attacks. (AC +2,
                  | EV +2) [Jiyva's grace]
 75151 | Zot:2    | Gained mutation: Your gelatinous body deflects attacks. (AC
                  | +3, EV +3) [Jiyva's grace]
 75151 | Zot:2    | Gained mutation: Armour fits poorly on your massive
                  | pseudopods. [Jiyva's grace]
 76718 | Zot:3    | Reached XP level 25. HP: 104/128 MP: 40/40
 76806 | Zot:3    | Found a runed translucent gate.
 76807 | Zot:3    | Found a runed translucent gate.
 76807 | Zot:3    | Found a runed translucent gate.
 76808 | Zot:3    | Noticed Hyollov's ghost (legendary FoHu)
 76808 | Zot:3    | Noticed Ningol's ghost (legendary MiFi)
 77994 | Zot:5    | Entered Level 5 of the Realm of Zot
 77994 | Zot:5    | Lost mutation: You have a pair of small horns on your head.
                  | [Jiyva's grace]
 77994 | Zot:5    | Lost mutation: You are completely covered in iridescent
                  | scales. (AC +6) [Jiyva's grace]
 77994 | Zot:5    | Lost mutation: Your gelatinous body deflects attacks. (AC
                  | +3, EV +3) [Jiyva's grace]
 77994 | Zot:5    | Lost mutation: Armour fits poorly on your massive
                  | pseudopods. [Jiyva's grace]
 77994 | Zot:5    | Gained mutation: You have a small jelly attached to you
                  | that senses nearby items. [Jiyva's grace]
 77994 | Zot:5    | Gained mutation: Your gelatinous body deflects attacks. (AC
                  | +3, EV +3) [Jiyva's grace]
 77994 | Zot:5    | Gained mutation: You have a pair of small horns on your
                  | head. [Jiyva's grace]
 77994 | Zot:5    | Gained mutation: You have a pair of horns on your head.
                  | [Jiyva's grace]
 78036 | Zot:5    | Reached skill level 1 in Necromancy
 78374 | Zot:5    | Reached skill level 5 in Necromancy
 78500 | Zot:5    | Noticed a dread lich
 78512 | Zot:5    | Killed a dread lich
 78621 | Zot:5    | Noticed a Killer Klown
 78621 | Zot:5    | Noticed a dread lich
 78623 | Zot:5    | Noticed a dread lich
 78624 | Zot:5    | Noticed a Killer Klown
 78627 | Zot:5    | Noticed a dread lich
 78629 | Zot:5    | Noticed an orb of fire
 78635 | Zot:5    | Killed a dread lich
 78636 | Zot:5    | Reached skill level 10 in Necromancy
 78647 | Zot:5    | Killed a dread lich
 78649 | Zot:5    | Killed a Killer Klown
 78651 | Zot:5    | Killed an orb of fire
 78658 | Zot:5    | Killed a dread lich
 78660 | Zot:5    | Killed a Killer Klown
 78737 | Zot:5    | Noticed an ancient lich
 78738 | Zot:5    | Noticed an orb of fire
 78740 | Zot:5    | Noticed a Killer Klown
 78740 | Zot:5    | Noticed a Killer Klown
 78740 | Zot:5    | Noticed an ancient lich
 78740 | Zot:5    | Noticed an ancient lich
 78747 | Zot:5    | Noticed a dread lich
 78780 | Zot:5    | Killed an ancient lich
 78781 | Zot:5    | Reached XP level 26. HP: 105/133 MP: 42/42
 78786 | Zot:5    | Gained mutation: Potions are less effective at restoring
                  | your health. [an orb of fire]
 78797 | Zot:5    | Killed an orb of fire
 78801 | Zot:5    | Reached skill level 15 in Necromancy
 78803 | Zot:5    | Killed an ancient lich
 78804 | Zot:5    | Killed a dread lich
 79037 | Zot:5    | Killed an ancient lich
 79059 | Zot:5    | Noticed an ancient lich
 79089 | Zot:5    | Killed an ancient lich
 79426 | Zot:5    | Learned a level 9 spell: Death's Door
 79433 | Zot:5    | Learned a level 6 spell: Death Channel
 79980 | Vaults:5 | Entered Level 5 of the Vaults
 79994 | Vaults:5 | Noticed a dread lich
 80009 | Vaults:5 | Noticed an ancient lich
 80120 | Vaults:5 | Identified the ring "Uschuoha" {rElec rPois rC+ rCorr}
 80133 | Vaults:5 | Killed a dread lich
 80238 | Vaults:5 | Identified the ring of Jupibalas {rC+ Str+4 Int+4}
 80383 | Vaults:5 | Noticed a dread lich
 80405 | Vaults:5 | Noticed a dread lich
 80417 | Vaults:5 | Killed a dread lich
 80419 | Vaults:5 | Killed a dread lich
 80472 | Vaults:5 | Bought an Inescapable Atlas for 336 gold pieces
 80475 | Vaults:5 | Learned a level 2 spell: Blink
 80482 | Vaults:5 | Got a silver rune of Zot
 80484 | Vaults:5 | Found Hergh's Book Shop.
 80484 | Vaults:5 | Found Allihafui's Jewellery Shop.
 80489 | Vaults:5 | Found Guotus's Antique Armour Emporium.
 80530 | Vaults:5 | Noticed Frederick
 80537 | Vaults:5 | Killed Frederick
 80588 | Vaults:5 | Identified the +2 glaive of Mandamus {elec, *Slow rPois
                  | Will+}
 80647 | Vaults:5 | Killed an ancient lich
 80655 | Vaults:5 | Reached XP level 27. HP: 114/136 MP: 42/42
 80687 | Vaults:5 | Identified the +5 battleaxe of Letiag {heavy, Drain Will+
                  | rCorr Str+5}
 80826 | Vaults:5 | Identified the +0 pair of gloves "War Aph" {rN+}
 81299 | Vaults:5 | Found Guotus's Antique Armour Emporium.
 81300 | Vaults:5 | Found Allihafui's Jewellery Shop.
 81300 | Vaults:5 | Found Hergh's Book Shop.
 81342 | Vaults:5 | Found Dufexoph's Book Boutique.
 81493 | Vaults:5 | Noticed an ancient lich
 81504 | Vaults:5 | Killed an ancient lich
 82513 | Depths:1 | Voluntarily entered the Abyss.
 82534 | Abyss:2  | Found a corrupted altar of Lugonu.
 82842 | Abyss:2  | Lost mutation: You have a pair of horns on your head.
                  | [Jiyva's grace]
 82842 | Abyss:2  | Lost mutation: Your body has grown eyes which may confuse
                  | attackers. (Acc +3) [Jiyva's grace]
 82842 | Abyss:2  | Lost mutation: Your gelatinous body deflects attacks. (AC
                  | +3, EV +3) [Jiyva's grace]
 82842 | Abyss:2  | Lost mutation: Your translucent skin slightly reduces your
                  | foes' accuracy. (Stealth+) [Jiyva's grace]
 82842 | Abyss:2  | Lost mutation: Potions are less effective at restoring your
                  | health. [Jiyva's grace]
 82842 | Abyss:2  | Gained mutation: You are covered in slimy tendrils that may
                  | disarm your opponents. [Jiyva's grace]
 82842 | Abyss:2  | Gained mutation: You have a small jelly attached to you
                  | that may absorb projectiles. [Jiyva's grace]
 82842 | Abyss:2  | Gained mutation: You passively map a small area around you.
                  | [Jiyva's grace]
 82842 | Abyss:2  | Gained mutation: You passively map the area around you.
                  | [Jiyva's grace]
 82899 | Abyss:2  | Found a corrupted altar of Lugonu.
 82968 | Abyss:2  | Found a corrupted altar of Lugonu.
 83454 | Abyss:3  | Found a corrupted altar of Lugonu.
 83504 | Abyss:3  | Paralysed by accursed screaming for 1 turns
 83514 | Abyss:3  | Found a corrupted altar of Lugonu.
 83551 | Abyss:3  | Found a corrupted altar of Lugonu.
 83647 | Abyss:3  | Found a corrupted altar of Lugonu.
 83681 | Abyss:3  | Paralysed by accursed screaming for 2 turns
 83962 | Abyss:3  | Gained mutation: You are clumsy. (Dex -2) [a neqoxec]
 83981 | Abyss:3  | Gained mutation: You are vulnerable to heat. (rF-) [a
                  | neqoxec]
 83998 | Abyss:3  | Got an abyssal rune of Zot
 84103 | Abyss:3  | Found a corrupted altar of Lugonu.
 84117 | Depths:1 | Escaped the Abyss
 84528 | Hell     | Entered the Vestibule of Hell
 84528 | Hell     | Noticed Geryon
 84554 | Hell     | Noticed Murray
 84579 | Hell     | Killed Murray
 84782 | Hell     | Killed Geryon
 84892 | Hell     | Lost mutation: Your pliable body absorbs attacks. (AC +2,
                  | EV +2) [Jiyva's grace]
 84892 | Hell     | Lost mutation: You have a small jelly attached to you that
                  | senses nearby items. [Jiyva's grace]
 84892 | Hell     | Lost mutation: You are vulnerable to heat. (rF-) [Jiyva's
                  | grace]
 84892 | Hell     | Gained mutation: You possess an exceptional clarity of
                  | mind. [Jiyva's grace]
 84892 | Hell     | Gained mutation: You expend magic power (3 MP) to
                  | strengthen your wands. [Jiyva's grace]
 84892 | Hell     | Gained mutation: You have acidic saliva. [Jiyva's grace]
 84892 | Hell     | Gained mutation: Your natural rate of healing is unusually
                  | fast. [Jiyva's grace]
 84997 | Hell     | Found a gateway to the freezing wastes of Cocytus.
 85117 | Hell     | Reached skill level 15 in Spellcasting
 85128 | Hell     | Found a gateway to the decaying netherworld of Tartarus.
 85403 | Hell     | Found a gateway to the ashen valley of Gehenna.
 85458 | Hell     | Found a gateway to the Iron City of Dis.
 85546 | Tar:1    | Entered Level 1 of Tartarus
 85849 | Tar:2    | You are sucked into a shaft and drop 1 floor!
 86516 | Tar:4    | Learned a level 8 spell: Infestation
 86555 | Tar:5    | HP: 4/136 [hellion/damnation (16)]
 86557 | Tar:5    | Killed by miscasting Death's Door
 86900 | Tar:7    | Entered Level 7 of Tartarus
 86978 | Tar:7    | Lost mutation: You are mostly covered in iridescent scales.
                  | (AC +4) [Jiyva's grace]
 86978 | Tar:7    | Lost mutation: Your mind is very acute. (Int +8, Str/Dex
                  | -2) [Jiyva's grace]
 86978 | Tar:7    | Lost mutation: You passively map the area around you.
                  | [Jiyva's grace]
 86978 | Tar:7    | Lost mutation: Your natural rate of healing is unusually
                  | fast. [Jiyva's grace]
 86978 | Tar:7    | Lost mutation: Your rubbery body absorbs attacks. (AC +1,
                  | EV +1) [Jiyva's grace]
 86978 | Tar:7    | Lost mutation: You are covered in slimy tendrils that may
                  | disarm your opponents. [Jiyva's grace]
 86978 | Tar:7    | Gained mutation: You have a small jelly attached to you
                  | that senses nearby items. [Jiyva's grace]
 86978 | Tar:7    | Gained mutation: Armour fits poorly on your massive
                  | pseudopods. [Jiyva's grace]
 86978 | Tar:7    | Gained mutation: Your system is resistant to poisons.
                  | (rPois) [Jiyva's grace]
 86978 | Tar:7    | Gained mutation: You have a pair of horns on your head.
                  | [Jiyva's grace]
 87050 | Tar:7    | Noticed an ancient lich
 87067 | Tar:7    | Killed an ancient lich
 87125 | Tar:7    | Noticed Ereshkigal
 87252 | Tar:7    | Noticed a dread lich
 87270 | Tar:7    | Noticed an ancient lich
 87280 | Tar:7    | Killed an ancient lich
 87284 | Tar:7    | Killed a dread lich
 87294 | Tar:7    | Found the +3 robe of Clouds {*Thunder rCloud rElec}
 87336 | Tar:7    | Got the Tome of Grim Teratogeny
 87779 | Tar:7    | Killed Ereshkigal
 87811 | Tar:7    | Got a bone rune of Zot
 88221 | Geh:1    | Entered Level 1 of Gehenna
 89202 | Geh:3    | Lost mutation: You possess an exceptional clarity of mind.
                  | [Jiyva's grace]
 89202 | Geh:3    | Lost mutation: You have acidic saliva. [Jiyva's grace]
 89202 | Geh:3    | Lost mutation: You expend magic power (3 MP) to strengthen
                  | your wands. [Jiyva's grace]
 89202 | Geh:3    | Gained mutation: You possess an exceptional clarity of
                  | mind. [Jiyva's grace]
 89202 | Geh:3    | Gained mutation: You have hidden genetic potential.
                  | [Jiyva's grace]
 89202 | Geh:3    | Gained mutation: You have great hidden genetic potential.
                  | [Jiyva's grace]
 89202 | Geh:3    | Gained mutation: Your flesh is cold resistant. (rC+)
                  | [Jiyva's grace]
 90280 | Geh:6    | Noticed an ancient lich
 90288 | Geh:6    | Killed an ancient lich
 90555 | Geh:7    | Entered Level 7 of Gehenna
 90972 | Geh:7    | HP: 5/141 [hellion/damnation (30)]
 90973 | Geh:7    | Killed from afar by a salamander tyrant
 91261 | Geh:7    | Found the +13 sceptre of Asmodeus
 91261 | Geh:7    | Noticed Asmodeus
 91286 | Geh:7    | Killed Asmodeus
 91400 | Geh:7    | Got an obsidian rune of Zot
 92052 | Pan      | Entered Pandemonium
 92412 | Pan      | Lost mutation: You have a pair of horns on your head.
                  | [Jiyva's grace]
 92412 | Pan      | Lost mutation: You have a pair of small horns on your head.
                  | [Jiyva's grace]
 92412 | Pan      | Lost mutation: You possess an exceptional clarity of mind.
                  | [Jiyva's grace]
 92412 | Pan      | Lost mutation: Your mind is acute. (Int +4, Str/Dex -1)
                  | [Jiyva's grace]
 92412 | Pan      | Lost mutation: You are clumsy. (Dex -2) [Jiyva's grace]
 92412 | Pan      | Lost mutation: Armour fits poorly on your massive
                  | pseudopods. [Jiyva's grace]
 92412 | Pan      | Lost mutation: You have great hidden genetic potential.
                  | [Jiyva's grace]
 92412 | Pan      | Lost mutation: You have a small jelly attached to you that
                  | senses nearby items. [Jiyva's grace]
 92412 | Pan      | Gained mutation: You have a pair of small antennae on your
                  | head. [Jiyva's grace]
 92412 | Pan      | Gained mutation: You have a pair of antennae on your head.
                  | [Jiyva's grace]
 92412 | Pan      | Gained mutation: You have a pair of large antennae on your
                  | head. (SInv) [Jiyva's grace]
 92412 | Pan      | Gained mutation: Your melee attacks may engulf your foes in
                  | ooze. [Jiyva's grace]
 92543 | Pan      | Reached skill level 27 in Necromancy
 92567 | Pan      | Identified the -1 buckler of the Devil's Advocate {Harm
                  | Will+ Dex-5}
 92605 | Pan      | Noticed a seraph
 92614 | Pan      | Killed a seraph
 92617 | Pan      | Found a glowing golden altar of the Shining One.
 92668 | Pan      | Identified the +0 pair of boots "Zoeceedat" {rF+ Str+2}
 92669 | Pan      | Identified the +1 quarterstaff of Qeleaz Sifa {venom, rN+++
                  | Will- rCorr}
 92677 | Pan      | Got a demonic rune of Zot
 92810 | Pan      | Gained mutation: You are mostly covered in iridescent
                  | scales. (AC +4) [hidden potential]
 93035 | Pan      | Found a white marble altar of Elyvilon.
 93550 | Pan      | HP: 7/142 [???[a demonspawn corrupter] (4)]
 93550 | Pan      | Killed from afar by a sphinx
 93643 | Pan      | Noticed Mahir the pandemonium lord
 93901 | Pan      | Lost mutation: You are mostly covered in iridescent scales.
                  | (AC +4) [Jiyva's grace]
 93901 | Pan      | Lost mutation: Armour fits poorly on your large pseudopods.
                  | [Jiyva's grace]
 93901 | Pan      | Gained mutation: Your mind is acute. (Int +4, Str/Dex -1)
                  | [Jiyva's grace]
 93901 | Pan      | Gained mutation: Your mind is very acute. (Int +8, Str/Dex
                  | -2) [Jiyva's grace]
 93901 | Pan      | Gained mutation: You are robust. (+10% HP) [Jiyva's grace]
 93901 | Pan      | Gained mutation: You are very robust. (+20% HP) [Jiyva's
                  | grace]
 93940 | Pan      | Found a transporter.
 93973 | Pan      | Found an exit through the horrors of the Abyss.
 94367 | Pan      | Noticed Yjium the pandemonium lord
 94371 | Pan      | Lost mutation: Your mind is very acute. (Int +8, Str/Dex
                  | -2) [a cacodemon]
 94384 | Pan      | Killed Yjium the pandemonium lord
 94641 | Pan      | Entered the realm of Lom Lobon.
 95147 | Pan      | Identified the +9 shortbow of Putrescence {antimagic, rC+
                  | Stlth+}
 95236 | Pan      | Noticed Lom Lobon
 95276 | Pan      | Killed Lom Lobon
 95288 | Pan      | Got a magical rune of Zot
 95615 | Pan      | Entered the realm of Cerebov.
 95627 | Pan      | Found an exit through the horrors of the Abyss.
 95752 | Pan      | Lost mutation: You have a pair of large antennae on your
                  | head. (SInv) [Jiyva's grace]
 95752 | Pan      | Gained mutation: Your body has grown eyes which may confuse
                  | attackers. (Acc +3) [Jiyva's grace]
 95752 | Pan      | Gained mutation: Your body has grown many eyes which may
                  | confuse attackers. (Acc +5) [Jiyva's grace]
 95752 | Pan      | Gained mutation: Your body is covered in eyes which may
                  | confuse attackers. (Acc +7, SInv) [Jiyva's grace]
 95752 | Pan      | Gained mutation: You are extremely robust. (+30% HP)
                  | [Jiyva's grace]
 95941 | Pan      | Found the +6 sword of Cerebov {flame}
 95941 | Pan      | Noticed Cerebov
 95960 | Pan      | Identified the +0 robe of the Shining Light {Regen+ Str+2
                  | Dex+3}
 96132 | Pan      | Killed Cerebov
 96153 | Pan      | Gained mutation: You are agile. (Dex +4, Str/Int -1)
                  | [hidden potential]
 96153 | Pan      | Lost mutation: You have hidden genetic potential. [hidden
                  | potential expressed]
 96223 | Pan      | Identified the +7 dire flail of Midnight {spect, rElec
                  | rPois rN+ Will+}
 96465 | Pan      | Got a fiery rune of Zot
 96515 | Pan      | Found an exit through the horrors of the Abyss.
 96576 | Pan      | Found a huge runed translucent gate.
 96818 | Pan      | Identified the +0 robe of the Hippo {Will+ Int+3 Dex-4
                  | Archmagi}
 96820 | Pan      | Found a huge runed translucent gate.
 96883 | Pan      | Found an exit through the horrors of the Abyss.
 96932 | Pan      | Entered the realm of Gloorx Vloq.
 96987 | Pan      | Found an exit through the horrors of the Abyss.
 97093 | Pan      | Learned a level 5 spell: Yara's Violent Unravelling
 97717 | Pan      | Lost mutation: You have a pair of antennae on your head.
                  | [Jiyva's grace]
 97717 | Pan      | Lost mutation: You are extremely robust. (+30% HP) [Jiyva's
                  | grace]
 97717 | Pan      | Lost mutation: Your body is covered in eyes which may
                  | confuse attackers. (Acc +7, SInv) [Jiyva's grace]
 97717 | Pan      | Lost mutation: Your body has grown many eyes which may
                  | confuse attackers. (Acc +5) [Jiyva's grace]
 97717 | Pan      | Gained mutation: You have a somewhat thin skeletal
                  | structure. (Dex +2, Stealth+) [Jiyva's grace]
 97717 | Pan      | Gained mutation: You have a moderately thin skeletal
                  | structure. (Dex +4, Stealth++) [Jiyva's grace]
 97717 | Pan      | Gained mutation: You have an unnaturally thin skeletal
                  | structure. (Dex +6, Stealth+++) [Jiyva's grace]
 97717 | Pan      | Gained mutation: A frigid envelope surrounds you and
                  | freezes all who hurt you. [Jiyva's grace]
 97896 | Pan      | Noticed Gloorx Vloq
 97910 | Pan      | Killed Gloorx Vloq
 97985 | Pan      | Got a dark rune of Zot
 98449 | Pan      | Entered the realm of Mnoleg.
 98462 | Pan      | Noticed Mnoleg
 98495 | Pan      | Killed Mnoleg
 98568 | Pan      | Lost mutation: You are very robust. (+20% HP) [a neqoxec]
 98649 | Pan      | Got a glowing rune of Zot
 98675 | Pan      | Identified the +9 shortbow of Law {freeze, rF- rCorr Dex+4}
 98706 | Depths:4 | Escaped Pandemonium
 99025 | Coc:1    | Entered Level 1 of Cocytus
 99294 | Coc:2    | Reached skill level 27 in Shapeshifting
 99824 | Coc:4    | Noticed an ancient lich
 99836 | Coc:4    | Killed an ancient lich
100053 | Coc:5    | Noticed an ancient lich
100053 | Coc:5    | Lost mutation: You have an unnaturally thin skeletal
                  | structure. (Dex +6, Stealth+++) [Jiyva's grace]
100053 | Coc:5    | Lost mutation: You have a moderately thin skeletal
                  | structure. (Dex +4, Stealth++) [Jiyva's grace]
100053 | Coc:5    | Lost mutation: Your system is resistant to poisons. (rPois)
                  | [Jiyva's grace]
100053 | Coc:5    | Lost mutation: You are robust. (+10% HP) [Jiyva's grace]
100053 | Coc:5    | Lost mutation: You have a small jelly attached to you that
                  | may absorb projectiles. [Jiyva's grace]
100053 | Coc:5    | Lost mutation: Your melee attacks may engulf your foes in
                  | ooze. [Jiyva's grace]
100053 | Coc:5    | Gained mutation: Your flesh is heat resistant. (rF+)
                  | [Jiyva's grace]
100053 | Coc:5    | Gained mutation: Your flesh is very heat resistant. (rF++)
                  | [Jiyva's grace]
100053 | Coc:5    | Gained mutation: Your flesh is almost immune to the effects
                  | of heat. (rF+++) [Jiyva's grace]
100053 | Coc:5    | Gained mutation: Your system is resistant to poisons.
                  | (rPois) [Jiyva's grace]
100061 | Coc:5    | Killed an ancient lich
100326 | Coc:6    | Noticed a dread lich
100337 | Coc:6    | Killed a dread lich
100590 | Coc:7    | Entered Level 7 of Cocytus
100595 | Coc:7    | Paralysed by a wendigo for 1 turns
100600 | Coc:7    | Reached skill level 27 in Fighting
100635 | Coc:7    | Reached skill level 27 in Unarmed Combat
100773 | Coc:7    | Noticed the Serpent of Hell
101003 | Coc:7    | Killed the Serpent of Hell
101256 | Coc:7    | Reached skill level 27 in Dodging
101256 | Coc:7    | Reached skill level 1 in Hexes
101260 | Coc:7    | Noticed Antaeus
101287 | Coc:7    | Killed Antaeus
101288 | Coc:7    | Reached skill level 5 in Hexes
101604 | Coc:7    | Got an icy rune of Zot
101746 | Hell     | Learned a level 2 spell: Wereblood
102035 | Dis:1    | Entered Level 1 of the Iron City of Dis
102069 | Dis:1    | Reached skill level 1 in Transmutations
102132 | Dis:1    | You are sucked into a shaft and drop 1 floor!
102144 | Dis:2    | Reached skill level 5 in Transmutations
102540 | Dis:3    | Reached skill level 10 in Transmutations
103561 | Dis:7    | Entered Level 7 of the Iron City of Dis
103561 | Dis:7    | Noticed a juggernaut
103561 | Dis:7    | Noticed a juggernaut
103561 | Dis:7    | Noticed a juggernaut
103756 | Dis:7    | Killed a juggernaut
103783 | Dis:7    | Killed a juggernaut
103785 | Dis:7    | Killed a juggernaut
104325 | Dis:7    | Lost mutation: You have a pair of small antennae on your
                  | head. [Jiyva's grace]
104325 | Dis:7    | Lost mutation: You are partially covered in iridescent
                  | scales. (AC +2) [Jiyva's grace]
104325 | Dis:7    | Lost mutation: Your system is resistant to poisons. (rPois)
                  | [Jiyva's grace]
104325 | Dis:7    | Gained mutation: You are very agile. (Dex +8, Str/Int -2)
                  | [Jiyva's grace]
104325 | Dis:7    | Gained mutation: You have a pair of small horns on your
                  | head. [Jiyva's grace]
104325 | Dis:7    | Gained mutation: You have a pair of horns on your head.
                  | [Jiyva's grace]
104325 | Dis:7    | Gained mutation: You have a pair of large horns on your
                  | head. [Jiyva's grace]
104923 | Dis:7    | Noticed Dispater
105419 | Dis:7    | Killed Dispater
105957 | Dis:7    | Found the ring of the Mage {Wiz Archmagi}
105966 | Dis:7    | Identified the amulet of Ohupp {RegenMP rPois}
105979 | Dis:7    | Got an iron rune of Zot
105985 | Dis:7    | Identified the ring of Emmeutef {Fly rF+++ Str+2 Int-4
                  | SInv}
106616 | Tomb:1   | Noticed a royal mummy
106626 | Tomb:1   | Killed a royal mummy
106915 | Tomb:1   | Got the Volume of Enchantment and Grit
107007 | Tomb:2   | Lost mutation: You have a pair of large horns on your head.
                  | [Jiyva's grace]
107007 | Tomb:2   | Lost mutation: You are very agile. (Dex +8, Str/Int -2)
                  | [Jiyva's grace]
107007 | Tomb:2   | Lost mutation: Your flesh is cold resistant. (rC+) [Jiyva's
                  | grace]
107007 | Tomb:2   | Gained mutation: Your translucent skin slightly reduces
                  | your foes' accuracy. (Stealth+) [Jiyva's grace]
107007 | Tomb:2   | Gained mutation: Your translucent skin reduces your foes'
                  | accuracy. (Stealth+) [Jiyva's grace]
107007 | Tomb:2   | Gained mutation: Your transparent skin significantly
                  | reduces your foes' accuracy. (Stealth+) [Jiyva's grace]
107007 | Tomb:2   | Gained mutation: Armour fits poorly on your large
                  | pseudopods. [Jiyva's grace]
107007 | Tomb:2   | Noticed a royal mummy
107015 | Tomb:2   | Killed a royal mummy
107023 | Tomb:2   | Noticed a royal mummy
107037 | Tomb:2   | Killed a royal mummy
107038 | Tomb:2   | Noticed a royal mummy
107039 | Tomb:2   | Noticed a royal mummy
107041 | Tomb:2   | Killed a royal mummy
107242 | Tomb:2   | Killed a royal mummy
107691 | Tomb:2   | Learned a level 7 spell: Enfeeble
107701 | Tomb:1   | Noticed a royal mummy
107702 | Tomb:1   | Noticed a royal mummy
107706 | Tomb:1   | Killed a royal mummy
107708 | Tomb:1   | Noticed a royal mummy
107709 | Tomb:1   | Killed a royal mummy
107710 | Tomb:1   | Noticed a royal mummy
107717 | Tomb:1   | Noticed a royal mummy
107724 | Tomb:1   | Killed a royal mummy
108016 | Tomb:1   | Killed a royal mummy
108033 | Tomb:1   | Noticed a royal mummy
108037 | Tomb:1   | Killed a royal mummy
108054 | Tomb:1   | Noticed a royal mummy
108059 | Tomb:1   | Killed a royal mummy
108061 | Tomb:1   | Noticed a royal mummy
108061 | Tomb:1   | Noticed a royal mummy
108392 | Tomb:1   | Killed a royal mummy
108393 | Tomb:1   | Reached skill level 10 in Hexes
108409 | Tomb:1   | Noticed a royal mummy
108417 | Tomb:1   | Killed a royal mummy
108422 | Tomb:1   | Noticed a royal mummy
108435 | Tomb:1   | Killed a royal mummy
108440 | Tomb:1   | Killed a royal mummy
108482 | Tomb:1   | Noticed a royal mummy
108498 | Tomb:1   | Killed a royal mummy
108550 | Tomb:1   | Killed a royal mummy
108564 | Tomb:1   | Noticed a royal mummy
108564 | Tomb:1   | Noticed a royal mummy
108653 | Tomb:1   | Noticed a royal mummy
108660 | Tomb:1   | Killed a royal mummy
108687 | Tomb:1   | Noticed a royal mummy
108714 | Tomb:1   | Killed a royal mummy
108747 | Tomb:1   | Noticed a royal mummy
108767 | Tomb:1   | Killed a royal mummy
108770 | Tomb:1   | Noticed a royal mummy
108815 | Tomb:1   | Noticed a royal mummy
108819 | Tomb:1   | Killed a royal mummy
108822 | Tomb:1   | Noticed a royal mummy
108822 | Tomb:1   | Noticed a royal mummy
108822 | Tomb:1   | Noticed a royal mummy
108822 | Tomb:1   | Noticed a royal mummy
109085 | Tomb:1   | Killed a royal mummy
109103 | Tomb:1   | Killed a royal mummy
109116 | Tomb:1   | Killed a royal mummy
109191 | Tomb:1   | Killed a royal mummy
109227 | Tomb:1   | Killed a royal mummy
109228 | Tomb:1   | Reached skill level 15 in Hexes
109251 | Tomb:1   | Killed a royal mummy
109257 | Tomb:1   | Killed a royal mummy
109339 | Tomb:1   | Noticed a royal mummy
109350 | Tomb:1   | Killed a royal mummy
109420 | Tomb:1   | Noticed a royal mummy
109433 | Tomb:1   | Killed a royal mummy
109528 | Tomb:2   | HP: 6/149 [torment (3)]
109764 | Tomb:3   | Entered Level 3 of the Tomb of the Ancients
109863 | Tomb:3   | Noticed a royal mummy
109863 | Tomb:3   | Noticed a royal mummy
109876 | Tomb:3   | Noticed a royal mummy
109876 | Tomb:3   | Noticed a royal mummy
109879 | Tomb:3   | Killed a royal mummy
109884 | Tomb:3   | Killed a royal mummy
109887 | Tomb:3   | Killed a royal mummy
109905 | Tomb:3   | Killed a royal mummy
109916 | Tomb:3   | Noticed a royal mummy
110101 | Tomb:3   | Noticed a royal mummy
110101 | Tomb:3   | Noticed a royal mummy
110102 | Tomb:3   | Noticed a royal mummy
110102 | Tomb:3   | Noticed a royal mummy
110126 | Tomb:3   | Killed a royal mummy
110132 | Tomb:3   | Killed a royal mummy
110138 | Tomb:3   | Killed a royal mummy
110141 | Tomb:3   | Killed a royal mummy
110152 | Tomb:3   | Killed a royal mummy
110152 | Tomb:3   | HP: 4/149 [something (22)]
110297 | Tomb:3   | Got a golden rune of Zot
111033 | Zot:5    | Got the Orb of Zot
111210 | Zot:1    | Noticed a seraph
111222 | Zot:1    | Killed a seraph
111898 | D:$      | Escaped with the Orb!

Illustrated notes

Levels and vault maps discovered:
D:1:      zelgadis_glass_arrival_small, layout_basic,
          chequers_ecumenical_altar_simple
D:2:      layout_loops_corners, serial_shops, shop, minmay_goblin_kobold_house,
          uniq_crazy_yiuf_cottage
D:3:      layout_basic
D:4:      layout_basic, nicolae_qazlal_eye_of_the_storm
D:5:      layout_layer_cave, uniq_pikel
D:6:      layout_loops_ring, minmay_temple_entry_hall, grunt_decor_arrowhead,
          nicolae_elemental_shop, minmay_microvault, uniq_blork_the_orc
D:7:      layout_basic, kennysheep_little_box, serial_shops,
          nicolae_square_shop, chequers_big_river
D:8:      layout_loops_ring, grunt_temple_overflow_open, enter_bailey_3,
          uniq_erica, uniq_joseph
D:9:      layout_loops_ring, mainiacjoe_overflow_small_starburst,
          david_lair_shrubbed, gammafunk_ghost_wrathful_warriors,
          kennysheep_generic_room_7
D:10:     layout_irregular_city, minmay_orc_entry_guard_dogs,
          grunt_ministairs_3, nicolae_titane, uniq_harold, uniq_gastronok
D:11:     layout_roguey, serial_glass, glass_columns_a, glass_columns_c,
          gauntlet_entry_generic, nicolae_gozag_cash_rules_everything_around_me,
          uniq_erolcha, uniq_nergalle
D:12:     minmay_heptahexagon, layout_layer_cave, minivault_12
D:13:     layout_irregular_city, gammafunk_ghost_split
D:14:     layout_roguey, david_vaults_4, nicolae_trove_entry_crossroad,
          nicolae_uskayaw_en_pointe
D:15:     hangedman_spin_cycle, uniq_agnes
Temple:   bh_familiar_temple
Lair:1:   layout_cave_shapes, chequers_serial_rivers_small_b
Lair:2:   layout_layer_cave, spider_nest_entry_a, pdpol_lair_neglected_garden,
          uniq_sonja
Lair:3:   layout_cave_pods, nicolae_swamp_entry_splash_gauntlet
Lair:4:   layout_big_grid, portal_ice_cave_demonic_guard, fungi_pond_lemuel,
          chequers_serial_rivers_micro_a, serial_bayou_shore_a,
          grunt_megastairs_5, lemuel_fruit_tree
Lair:5:   wormcave, layout_regular_city, hangedman_lair_tendril_chambers,
          dpeg_slime_entry_enclosed, lookout_lair_type
Swamp:1:  layout_falls_marsh, nicolae_swamp_big_swirl, swamp_pool4
Swamp:2:  layout_basic_swamp, nicolae_swamp_little_tower
Swamp:3:  layout_basic_swamp, nicolae_swamp_trees_clearing, uniq_mara
Swamp:4:  swamp_pestilence, layout_basic_swamp, nicolae_swamp_some_circles,
          uniq_louise
Spider:1: nicolae_spider_hilbert_zone_5 [nicolae_spider_hilbert_3_sides_1_open,
          nicolae_spider_hilbert_4_sides_1_open,
          nicolae_spider_hilbert_4_sides_1_open,
          nicolae_spider_hilbert_6_sides_1_open,
          nicolae_spider_hilbert_6_sides_1_open], drop_trap
Spider:2: mumra_spider_spiderweb
Spider:3: layout_spider_delve, gammafunk_ghost_cemetery, uniq_kirke, uniq_aizul
Spider:4: grunt_spider_rune_circles, uniq_arachne
Slime:1:  layout_caves, cheibrodos_slime_lost_civilization_6
Slime:2:  layout_caves
Slime:3:  layout_caves
Slime:4:  cheibrodos_slime_lost_civilization_3, layout_caves
Slime:5:  slime_pit_nicolae_royal_road_to_ruin
Orc:1:    layout_caves
Orc:2:    pf_orc_diabolical, layout_diamond_mine, basic_altar,
          guppyfry_library_mini, uniq_josephine
Elf:1:    layout_gridlike, serial_shops, nicolae_shop_just_a_little_nook,
          minmay_elf_demonology, grunt_megastairs_4, uniq_azrael
Elf:2:    nicolae_elf_blades_crystal_corner, layout_loops_ring, serial_shops,
          shop, serial_nicolae_subway, nicolae_sub_station_stone,
          nicolae_sub_station_metal, nicolae_sub_station_crystal
Elf:3:    elf_hall_gauntlet_wide, layout_gridlike, serial_shops,
          nicolae_book_shop_shelving, shop, minmay_shop_star
Vaults:1: hangedman_vaults_unwind, nicolae_vaults_what_the_h,
          hangedman_vaults_maws, ontoclasm_vaults_idyll, hangedman_vaults_locks,
          v_misc_15, vaults_mumra_minichess, v_alt_pattern_2,
          ontoclasm_vaults_twist, vaults_room_pool, layout_vaults_ring,
          serial_shops, nicolae_shop_rolling_square
Vaults:2: minmay_crypt_entry_simple_box, vaults_mumra_lcd,
          nicolae_vaults_circle_grid_b, nicolae_vaults_closet_pinwheel_3,
          nicolae_vaults_library_corner, nicolae_vaults_trapezoid_3,
          vaults_room_hallway, nicolae_vaults_little_squares_4,
          vaults_dpeg_emergency_exit, layout_vaults_omnigrid, uniq_asterion
Vaults:3: nicolae_vaults_network_square, nicolae_vaults_network_quinsquares
          [nicolae_vaults_network_quincunx_subvault,
          nicolae_vaults_network_quincunx_subvault,
          nicolae_vaults_network_quincunx_subvault,
          nicolae_vaults_network_quincunx_subvault], nicolae_vaults_alarming,
          nicolae_vaults_apartment_2, hangedman_vaults_stitches,
          dpeg_vaults_monster_row, nicolae_vaults_tetromino_L_2,
          ontoclasm_vaults_ligature, nicolae_vaults_yaktaur_gun_rack,
          vaults_room_glass_cross, nicolae_vaults_diamond_1,
          layout_vaults_maze_bifur, uniq_mennas, uniq_norris
Vaults:4: vaults_dpeg_doors, vaults_dpeg_ring, nicolae_vaults_circle_grid_b,
          grunt_vaults_diagonal, nicolae_vaults_frosty_reception,
          nicolae_vaults_tetromino_T_2, nicolae_vaults_more_shelving_1,
          v_misc_15, v_misc_33, v_pattern_5, v_misc_29, v_rooms_5,
          nicolae_vaults_house_3, nicolae_vaults_shipping_containers_4,
          nicolae_vaults_tetromino_L_2, vaults_room_door_ring,
          layout_vaults_omnicross
Vaults:5: serial_shops, uniq_frederick
Crypt:1:  cheibrodos_crypt_3hun_7po, layout_gridlike, grunt_ministairs_2,
          minivault_26, minmay_misc_feat_ornament
Crypt:2:  layout_rooms, serial_glass, glass_columns_a, glass_columns_b,
          glass_columns_a, glass_columns_b, glass_columns_a, glass_columns_a,
          glass_columns_c, glass_columns_a, glass_columns_a, glass_columns_b,
          glass_columns_a, glass_columns_b, glass_columns_b, glass_columns_a
Crypt:3:  due_elkab, layout_chaotic_city, nicolae_tomb_entry_rubble_hallway
Tomb:1
Tomb:2
Tomb:3
Depths:1: layout_gridlike, hangedman_decor_diamond_cutter, abyss_entry_crystal,
          hangedman_tar_grid_catacomb, vehumet_crystals
Depths:2: hellmonk_crumbling_castle, layout_honeycomb, kennysheep_flooded_box,
          abyss_entry, pan_entry, hell_entry, kennysheep_inner_square
Depths:3: minmay_eyes, layout_gridlike, hell_entry, minmay_room_of_horrors,
          hex_intersection
Depths:4: grunt_x_marks_the_spot, layout_basic, enter_ziggurat_f, pan_entry,
          hell_entry, abyss_entry_small_statue_room,
          nicolae_wu_jian_immortal_techniques, uniq_saint_roka
Hell
Dis:1:    layout_subdivisions
Dis:2:    layout_gridville, minmay_strange_pillars,
          nicolae_dis_having_a_grate_time
Dis:3:    layout_subdivisions, nicolae_dis_bowling_alley
Dis:4:    layout_overlapping_boxes, hangedman_dis_chains
Dis:5:    layout_subdivisions, nicolae_dis_fourth_circle
Dis:6:    layout_gridville
Dis:7:    iron_city_of_dis [dis_mu, dis_wall_2], layout_gridville,
          nicolae_dis_step_into_the_octagon
Geh:1:    layout_gehenna_pools_box, hangedman_hellfire_club
Geh:2:    layout_gehenna_lava_caves
Geh:3:    layout_gehenna_pools_triple
Geh:4:    layout_gehenna_pools_triple
Geh:5:    layout_gehenna_pools_triple
Geh:6:    layout_gehenna_lava_caves
Geh:7:    geh_grunt_pentagon
Coc:1:    layout_ice_bergs, serial_ice, serial_ice_o, serial_ice_g, serial_ice_e
Coc:2:    layout_cocytus_delve
Coc:3:    layout_ice_bergs
Coc:4:    layout_ice_bergs
Coc:5:    layout_ice_bergs
Coc:6:    layout_cocytus_water_paths
Coc:7:    coc_grunt
Tar:1:    layout_grid_maze
Tar:2:    layout_cathedral_of_symmetry, nicolae_tar_cuneiform_not
Tar:3:    layout_grid_maze, nicolae_tar_honey_rotating
Tar:4:    layout_cathedral_of_symmetry
Tar:5:    layout_grid_maze
Tar:6:    layout_grid_maze
Tar:7:    tar_old
Zot:1:    layout_misc_corridors, hangedman_player_shredder
Zot:2:    layout_concentric_octagons, hangedman_zot_decor_scrapings,
          grunt_megastairs_1
Zot:3:    layout_onion_interference, gammafunk_ghost_cemetery
Zot:4:    layout_gridville, st_single_dragon_hoard_3, hangedman_zot_spectrum
Zot:5:    layout_gridlike

Skill      XL: |  1  2  3  4  5  6  7  8  9 10 11 12 13 14 15 16 17 18 19 20 21 22 23 24 25 26 27 |
---------------+----------------------------------------------------------------------------------+-----
Stealth        | 2 4 5 6 7 8 10 13 16 | 16.0
Dodging        | 3 4 5 6 8 9 11 12 14 15 16 18 19 20 21 27 | 27.0
Fighting       | 2 3 4 5 7 8 9 10 12 14 15 16 18 20 21 27 | 27.0
Unarmed Combat | 4 5 6 7 8 10 11 15 16 17 18 20 21 27 | 27.0
Shapeshifting  | 6 8 9 12 14 16 19 22 23 24 25 27 | 27.0
Evocations     | 3 5 8 |  8.0
Translocations | 11 18 20 | 20.0
Spellcasting   | 7 12 14 23 | 23.2
Necromancy     | 14 20 27 | 27.0
Hexes          | 24 | 24.5
Transmutations | 14 | 14.0

Action                     |  1- 3 |  4- 6 |  7- 9 | 10-12 | 13-15 | 16-18 | 19-21 | 22-24 | 25-27 || total
---------------------------+-------+-------+-------+-------+-------+-------+-------+-------+-------++-------
  Melee: Unarmed           |    65 |   148 |   215 |   671 |  1410 |  1308 |  1181 |  1343 |  4940 || 11281
         Bite              |     6 |    15 |    30 |    92 |   235 |    38 |       |       |       ||   416
         Punch             |       |     2 |    15 |    51 |   116 |   131 |   135 |   174 |   872 ||  1496
         Maw               |       |       |       |   238 |   424 |       |       |       |       ||   662
         Tailslap          |       |       |       |       |   100 |    46 |       |       |       ||   146
   Cast: Manifold Assault  |       |       |       |       |       |       |       |       |   749 ||   749
         Death Channel     |       |       |       |       |       |       |       |       |    20 ||    20
         Infestation       |       |       |       |       |       |       |       |       |   245 ||   245
         Enfeeble          |       |       |       |       |       |       |       |       |    11 ||    11
         Wereblood         |       |       |       |       |       |       |       |       |    10 ||    10
         Death's Door      |       |       |       |       |       |       |       |       |     9 ||     9
         Blink             |       |       |       |       |       |       |       |       |     1 ||     1
 Invoke: Call Merchant     |       |       |       |       |     1 |       |     6 |       |       ||     7
         Potion Petition   |       |       |       |       |       |       |     2 |       |       ||     2
         Bribe Branch      |       |       |       |       |       |       |     1 |       |       ||     1
         Oozemancy         |       |       |       |       |       |       |       |       |     1 ||     1
Ability: Breathe Fire      |       |       |       |       |     7 |     3 |       |       |       ||    10
         Blinkbolt         |       |       |       |       |       |    10 |     4 |     7 |    68 ||    89
         Evoke Blink       |       |       |       |       |       |       |       |       |     2 ||     2
  Evoke: Wand              |       |       |     2 |     6 |     8 |     2 |       |     2 |       ||    20
    Use: Scroll            |       |     2 |       |    11 |    14 |    16 |     6 |     6 |    30 ||    85
         Potion            |       |       |     1 |       |     5 |     3 |     1 |     3 |    28 ||    41
   Stab: Sleeping          |    14 |     5 |     7 |    17 |    13 |    37 |    26 |    16 |    28 ||   163
         Distracted        |       |     1 |     1 |     4 |    16 |    24 |    18 |    13 |    96 ||   173
         Confused          |       |     1 |       |       |       |       |       |       |       ||     1
         Paralysed         |       |       |       |     2 |       |       |       |       |       ||     2
         Invisible         |       |       |       |       |     4 |       |       |       |     2 ||     6
         Petrifying        |       |       |       |       |     2 |       |       |       |     1 ||     3
 Armour: Skin              |     3 |    10 |    20 |    42 |   189 |   182 |    52 |    44 |   112 ||   654
  Dodge: Dodged            |    24 |   119 |   168 |   672 |  1322 |  1826 |  1365 |  1913 |  4937 || 12346
   Form: Maw               |       |       |       |     2 |       |       |       |       |       ||     2
         Storm             |       |       |       |     1 |       |     1 |       |       |       ||     2
         Dragon            |       |       |       |       |     1 |       |       |       |       ||     1

Table legend: (Time is in decaauts)
 A = Elapsed time spent in this place.
 B = Non-inter-level travel time spent in this place.
 C = Inter-level travel time spent in this place.
 D = Time resting spent in this place.
 E = Time spent auto-exploring this place.
 F = Levels seen in this place.
 G = Mean time per level.
                   A        B        C        D        E       F      G
               +--------+--------+--------+--------+--------+-----+--------+
         Total | 104229 |  91833 |  12396 |  19546 |  43750 | 108 |  965.1 |
       Dungeon |  24879 |  20364 |   4515 |   3604 |  12240 |  15 | 1658.6 |
        Temple |     10 |     10 |      0 |      0 |      0 |   1 |   10.0 |
          Lair |   9758 |   8809 |    949 |   1297 |   4528 |   5 | 1951.6 |
         Swamp |   3669 |   3547 |    122 |    958 |   1350 |   4 |  917.2 |
   Spider Nest |   6459 |   6338 |    121 |   2097 |   2356 |   4 | 1614.8 |
    Slime Pits |    917 |    727 |    190 |    207 |    436 |   5 |  183.4 |
  Orcish Mines |   4201 |   3745 |    456 |   1536 |   1096 |   2 | 2100.5 |
   Elven Halls |   4958 |   4186 |    772 |    690 |   2549 |   3 | 1652.7 |
        Vaults |   7882 |   6881 |   1001 |    443 |   4645 |   5 | 1576.4 |
         Crypt |   3157 |   2581 |    576 |    174 |   1611 |   3 | 1052.3 |
          Tomb |   4081 |   3542 |    539 |   1730 |    534 |   3 | 1360.3 |
        Depths |   6544 |   4861 |   1683 |    570 |   3313 |   4 | 1636.0 |
          Hell |   1356 |   1139 |    217 |    579 |    142 |   1 | 1356.0 |
           Dis |   3788 |   3618 |    170 |   1560 |    671 |   7 |  541.1 |
       Gehenna |   3415 |   3220 |    195 |    694 |   1310 |   7 |  487.9 |
       Cocytus |   2563 |   2406 |    157 |    703 |    736 |   7 |  366.1 |
      Tartarus |   2232 |   2127 |    105 |    484 |    722 |   7 |  318.9 |
           Zot |   5891 |   5271 |    620 |   1148 |   2731 |   5 | 1178.2 |
         Abyss |   1843 |   1843 |      0 |    128 |    551 |   3 |  614.3 |
   Pandemonium |   6202 |   6202 |      0 |    827 |   2165 |  14 |  443.0 |
         Trove |     52 |     52 |      0 |      0 |      0 |   1 |   52.0 |
        Bailey |    355 |    355 |      0 |    112 |     61 |   1 |  355.0 |
      Ice Cave |      8 |      8 |      0 |      0 |      0 |   1 |    8.0 |
               +--------+--------+--------+--------+--------+-----+--------+

Top non-repeatable levels by time:
   Orc:2: 3588 daAuts
    D:12: 3540 daAuts
  Lair:4: 3145 daAuts
  Lair:5: 2865 daAuts
  Tomb:1: 2753 daAuts
Depths:1: 2661 daAuts
   Dis:7: 2392 daAuts
    D:15: 2253 daAuts
    D:14: 2146 daAuts
    D:10: 2040 daAuts
   Elf:2: 2031 daAuts
     D:5: 2008 daAuts
Vaults:2: 1906 daAuts
   Elf:3: 1879 daAuts
Spider:2: 1873 daAuts
